%YAML 1.1
%TAG !u! tag:unity3d.com,2011:
--- !u!1 &1006155420614844
GameObject:
  m_ObjectHideFlags: 0
  m_CorrespondingSourceObject: {fileID: 0}
  m_PrefabInstance: {fileID: 0}
  m_PrefabAsset: {fileID: 0}
  serializedVersion: 6
  m_Component:
  - component: {fileID: 4960151122213363}
  m_Layer: 10
  m_Name: Bip001 R Hand
  m_TagString: Untagged
  m_Icon: {fileID: 0}
  m_NavMeshLayer: 0
  m_StaticEditorFlags: 0
  m_IsActive: 1
--- !u!4 &4960151122213363
Transform:
  m_ObjectHideFlags: 0
  m_CorrespondingSourceObject: {fileID: 0}
  m_PrefabInstance: {fileID: 0}
  m_PrefabAsset: {fileID: 0}
  m_GameObject: {fileID: 1006155420614844}
  m_LocalRotation: {x: 0.7068252, y: 0.000000001316565, z: 0.000000001317613, w: 0.7073883}
  m_LocalPosition: {x: -0.9272322, y: 0, z: 0}
  m_LocalScale: {x: 1, y: 0.9999999, z: 1}
  m_Children:
  - {fileID: 4092065352582587}
  - {fileID: 4992108356927087}
  - {fileID: 4012265990160695}
  - {fileID: 4283805811164644}
  - {fileID: 4122706585950677}
  m_Father: {fileID: 4328486248519675}
  m_RootOrder: 0
  m_LocalEulerAnglesHint: {x: 89.95438, y: 0, z: -0.0000002134434}
--- !u!1 &1013524214745342
GameObject:
  m_ObjectHideFlags: 0
  m_CorrespondingSourceObject: {fileID: 0}
  m_PrefabInstance: {fileID: 0}
  m_PrefabAsset: {fileID: 0}
  serializedVersion: 6
  m_Component:
  - component: {fileID: 4697913768635613}
  - component: {fileID: 95952679543863591}
  m_Layer: 10
  m_Name: model403
  m_TagString: Untagged
  m_Icon: {fileID: 0}
  m_NavMeshLayer: 0
  m_StaticEditorFlags: 0
  m_IsActive: 1
--- !u!4 &4697913768635613
Transform:
  m_ObjectHideFlags: 0
  m_CorrespondingSourceObject: {fileID: 0}
  m_PrefabInstance: {fileID: 0}
  m_PrefabAsset: {fileID: 0}
  m_GameObject: {fileID: 1013524214745342}
  m_LocalRotation: {x: 0, y: 0, z: 0, w: 1}
  m_LocalPosition: {x: 0, y: 0, z: 0}
  m_LocalScale: {x: 1, y: 1, z: 1}
  m_Children:
  - {fileID: 4004988915004189}
  - {fileID: 4891865545944236}
  - {fileID: 4538773773913338}
  - {fileID: 4689215071722282}
  - {fileID: 4597760797769206}
  - {fileID: 4203529848953660}
  - {fileID: 4230782789239991}
  - {fileID: 4572162745780047}
  - {fileID: 4686338347930916}
  - {fileID: 4474940939302596}
  - {fileID: 4801474701198880}
  - {fileID: 4059894167971873}
  - {fileID: 7884774093860072946}
  m_Father: {fileID: 0}
  m_RootOrder: 0
  m_LocalEulerAnglesHint: {x: 0, y: 0, z: 0}
--- !u!95 &95952679543863591
Animator:
  serializedVersion: 3
  m_ObjectHideFlags: 0
  m_CorrespondingSourceObject: {fileID: 0}
  m_PrefabInstance: {fileID: 0}
  m_PrefabAsset: {fileID: 0}
  m_GameObject: {fileID: 1013524214745342}
  m_Enabled: 1
  m_Avatar: {fileID: 9000000, guid: 10b51c297d92ad94e9081c3ba44eb866, type: 2}
  m_Controller: {fileID: 22100000, guid: 2ae06347dad42ab45b95ae8d0d0d423f, type: 2}
  m_CullingMode: 0
  m_UpdateMode: 0
  m_ApplyRootMotion: 0
  m_LinearVelocityBlending: 0
  m_WarningMessage: 
  m_HasTransformHierarchy: 1
  m_AllowConstantClipSamplingOptimization: 1
  m_KeepAnimatorControllerStateOnDisable: 0
--- !u!1 &1048573775575970
GameObject:
  m_ObjectHideFlags: 0
  m_CorrespondingSourceObject: {fileID: 0}
  m_PrefabInstance: {fileID: 0}
  m_PrefabAsset: {fileID: 0}
  serializedVersion: 6
  m_Component:
  - component: {fileID: 4403682098586788}
  m_Layer: 10
  m_Name: Bip001 L Finger41
  m_TagString: Untagged
  m_Icon: {fileID: 0}
  m_NavMeshLayer: 0
  m_StaticEditorFlags: 0
  m_IsActive: 1
--- !u!4 &4403682098586788
Transform:
  m_ObjectHideFlags: 0
  m_CorrespondingSourceObject: {fileID: 0}
  m_PrefabInstance: {fileID: 0}
  m_PrefabAsset: {fileID: 0}
  m_GameObject: {fileID: 1048573775575970}
  m_LocalRotation: {x: 0.00000002460476, y: 0.00000001078195, z: -0.1741081, w: 0.9847265}
  m_LocalPosition: {x: -0.2334276, y: 0, z: 0.0000001192093}
  m_LocalScale: {x: 1, y: 1, z: 1}
  m_Children:
  - {fileID: 4220046439634733}
  m_Father: {fileID: 4639686006739213}
  m_RootOrder: 0
  m_LocalEulerAnglesHint: {x: 0.000002561321, y: -0.000001707547, z: 20.05352}
--- !u!1 &1059003310455198
GameObject:
  m_ObjectHideFlags: 0
  m_CorrespondingSourceObject: {fileID: 0}
  m_PrefabInstance: {fileID: 0}
  m_PrefabAsset: {fileID: 0}
  serializedVersion: 6
  m_Component:
  - component: {fileID: 4187488710767851}
  m_Layer: 10
  m_Name: Bip001 L Clavicle
  m_TagString: Untagged
  m_Icon: {fileID: 0}
  m_NavMeshLayer: 0
  m_StaticEditorFlags: 0
  m_IsActive: 1
--- !u!4 &4187488710767851
Transform:
  m_ObjectHideFlags: 0
  m_CorrespondingSourceObject: {fileID: 0}
  m_PrefabInstance: {fileID: 0}
  m_PrefabAsset: {fileID: 0}
  m_GameObject: {fileID: 1059003310455198}
  m_LocalRotation: {x: -0.5767741, y: -0.0002308141, z: 0.8169036, w: -0.0003244923}
  m_LocalPosition: {x: -0.1752772, y: -0.1005333, z: 0.3788278}
  m_LocalScale: {x: 1, y: 1, z: 1}
  m_Children:
  - {fileID: 4154520909469088}
  m_Father: {fileID: 4496579203649670}
  m_RootOrder: 1
  m_LocalEulerAnglesHint: {x: -0.0004773581, y: -70.44794, z: 179.9548}
--- !u!1 &1080443603080204
GameObject:
  m_ObjectHideFlags: 0
  m_CorrespondingSourceObject: {fileID: 0}
  m_PrefabInstance: {fileID: 0}
  m_PrefabAsset: {fileID: 0}
  serializedVersion: 6
  m_Component:
  - component: {fileID: 4022222510560510}
  m_Layer: 10
  m_Name: Bip001 R UpperArm
  m_TagString: Untagged
  m_Icon: {fileID: 0}
  m_NavMeshLayer: 0
  m_StaticEditorFlags: 0
  m_IsActive: 1
--- !u!4 &4022222510560510
Transform:
  m_ObjectHideFlags: 0
  m_CorrespondingSourceObject: {fileID: 0}
  m_PrefabInstance: {fileID: 0}
  m_PrefabAsset: {fileID: 0}
  m_GameObject: {fileID: 1080443603080204}
  m_LocalRotation: {x: -0.04696719, y: 0.0470232, z: -0.1342502, w: 0.9887162}
  m_LocalPosition: {x: -0.417457, y: 0, z: 0}
  m_LocalScale: {x: 0.9999999, y: 1, z: 1}
  m_Children:
  - {fileID: 4328486248519675}
  m_Father: {fileID: 4876618925358268}
  m_RootOrder: 0
  m_LocalEulerAnglesHint: {x: -6.075716, y: -4.610092, z: 15.70973}
--- !u!1 &1096800294618230
GameObject:
  m_ObjectHideFlags: 0
  m_CorrespondingSourceObject: {fileID: 0}
  m_PrefabInstance: {fileID: 0}
  m_PrefabAsset: {fileID: 0}
  serializedVersion: 6
  m_Component:
  - component: {fileID: 4983085437634307}
  m_Layer: 10
  m_Name: Bip001 L Hand
  m_TagString: Untagged
  m_Icon: {fileID: 0}
  m_NavMeshLayer: 0
  m_StaticEditorFlags: 0
  m_IsActive: 1
--- !u!4 &4983085437634307
Transform:
  m_ObjectHideFlags: 0
  m_CorrespondingSourceObject: {fileID: 0}
  m_PrefabInstance: {fileID: 0}
  m_PrefabAsset: {fileID: 0}
  m_GameObject: {fileID: 1096800294618230}
  m_LocalRotation: {x: -0.7068252, y: 0.000000001974847, z: -0.00000000197642, w: 0.7073883}
  m_LocalPosition: {x: -0.9272323, y: 0, z: -0.0000001192093}
  m_LocalScale: {x: 1, y: 1, z: 1}
  m_Children:
  - {fileID: 4623359868353197}
  - {fileID: 4672222206725699}
  - {fileID: 4270430045136982}
  - {fileID: 4743347396161956}
  - {fileID: 4639686006739213}
  - {fileID: 4218024021524377}
  m_Father: {fileID: 4605181583090328}
  m_RootOrder: 0
  m_LocalEulerAnglesHint: {x: -89.95438, y: -2.249171e-14, z: 0.0000003201651}
--- !u!1 &1097328738448781
GameObject:
  m_ObjectHideFlags: 0
  m_CorrespondingSourceObject: {fileID: 0}
  m_PrefabInstance: {fileID: 0}
  m_PrefabAsset: {fileID: 0}
  serializedVersion: 6
  m_Component:
  - component: {fileID: 4218024021524377}
  m_Layer: 10
  m_Name: LeftWeapon
  m_TagString: Untagged
  m_Icon: {fileID: 0}
  m_NavMeshLayer: 0
  m_StaticEditorFlags: 0
  m_IsActive: 1
--- !u!4 &4218024021524377
Transform:
  m_ObjectHideFlags: 0
  m_CorrespondingSourceObject: {fileID: 0}
  m_PrefabInstance: {fileID: 0}
  m_PrefabAsset: {fileID: 0}
  m_GameObject: {fileID: 1097328738448781}
  m_LocalRotation: {x: -0.000000005587935, y: 0.000000009313225, z: 5.20417e-17, w: 1}
  m_LocalPosition: {x: -0.2906052, y: -0.0000009536743, z: -0.000007659197}
  m_LocalScale: {x: 1, y: 1, z: 0.9999999}
  m_Children: []
  m_Father: {fileID: 4983085437634307}
  m_RootOrder: 5
  m_LocalEulerAnglesHint: {x: -0.0000006403303, y: -0.000001067217, z: 1.895758e-22}
--- !u!1 &1124534541898241
GameObject:
  m_ObjectHideFlags: 0
  m_CorrespondingSourceObject: {fileID: 0}
  m_PrefabInstance: {fileID: 0}
  m_PrefabAsset: {fileID: 0}
  serializedVersion: 6
  m_Component:
  - component: {fileID: 4757019739768795}
  m_Layer: 10
  m_Name: Bip001 L Finger21
  m_TagString: Untagged
  m_Icon: {fileID: 0}
  m_NavMeshLayer: 0
  m_StaticEditorFlags: 0
  m_IsActive: 1
--- !u!4 &4757019739768795
Transform:
  m_ObjectHideFlags: 0
  m_CorrespondingSourceObject: {fileID: 0}
  m_PrefabInstance: {fileID: 0}
  m_PrefabAsset: {fileID: 0}
  m_GameObject: {fileID: 1124534541898241}
  m_LocalRotation: {x: -5.256727e-10, y: 0.000000001038711, z: -0.1741082, w: 0.9847265}
  m_LocalPosition: {x: -0.3041036, y: 0, z: -0.00000002235174}
  m_LocalScale: {x: 1, y: 1, z: 1}
  m_Children:
  - {fileID: 4752813065346304}
  m_Father: {fileID: 4270430045136982}
  m_RootOrder: 0
  m_LocalEulerAnglesHint: {x: -0.00000008004128, y: -0.0000001067217, z: 20.05353}
--- !u!1 &1136485624067509
GameObject:
  m_ObjectHideFlags: 0
  m_CorrespondingSourceObject: {fileID: 0}
  m_PrefabInstance: {fileID: 0}
  m_PrefabAsset: {fileID: 0}
  serializedVersion: 6
  m_Component:
  - component: {fileID: 4219962820013476}
  m_Layer: 10
  m_Name: Bip001 L Finger11
  m_TagString: Untagged
  m_Icon: {fileID: 0}
  m_NavMeshLayer: 0
  m_StaticEditorFlags: 0
  m_IsActive: 1
--- !u!4 &4219962820013476
Transform:
  m_ObjectHideFlags: 0
  m_CorrespondingSourceObject: {fileID: 0}
  m_PrefabInstance: {fileID: 0}
  m_PrefabAsset: {fileID: 0}
  m_GameObject: {fileID: 1136485624067509}
  m_LocalRotation: {x: -0.000000005853313, y: -6.581767e-10, z: -0.2082405, w: 0.9780777}
  m_LocalPosition: {x: -0.2414222, y: 0, z: 0}
  m_LocalScale: {x: 1, y: 1, z: 0.9999999}
  m_Children:
  - {fileID: 4006149144337419}
  m_Father: {fileID: 4672222206725699}
  m_RootOrder: 0
  m_LocalEulerAnglesHint: {x: -0.0000006403303, y: 0.0000002134434, z: 24.03853}
--- !u!1 &1158036452643926
GameObject:
  m_ObjectHideFlags: 0
  m_CorrespondingSourceObject: {fileID: 0}
  m_PrefabInstance: {fileID: 0}
  m_PrefabAsset: {fileID: 0}
  serializedVersion: 6
  m_Component:
  - component: {fileID: 4486810309347269}
  m_Layer: 10
  m_Name: Bip001 L Toe0
  m_TagString: Untagged
  m_Icon: {fileID: 0}
  m_NavMeshLayer: 0
  m_StaticEditorFlags: 0
  m_IsActive: 1
--- !u!4 &4486810309347269
Transform:
  m_ObjectHideFlags: 0
  m_CorrespondingSourceObject: {fileID: 0}
  m_PrefabInstance: {fileID: 0}
  m_PrefabAsset: {fileID: 0}
  m_GameObject: {fileID: 1158036452643926}
  m_LocalRotation: {x: -0.00000001545431, y: 0.00000001545431, z: -0.7071068, w: 0.7071068}
  m_LocalPosition: {x: -0.3005829, y: 0.7483836, z: 0.00000002980232}
  m_LocalScale: {x: 1, y: 1, z: 1}
  m_Children:
  - {fileID: 4243251532381338}
  m_Father: {fileID: 4873851623754705}
  m_RootOrder: 0
  m_LocalEulerAnglesHint: {x: -0.000002504478, y: 1.895758e-22, z: 90}
--- !u!1 &1174197711145465
GameObject:
  m_ObjectHideFlags: 0
  m_CorrespondingSourceObject: {fileID: 0}
  m_PrefabInstance: {fileID: 0}
  m_PrefabAsset: {fileID: 0}
  serializedVersion: 6
  m_Component:
  - component: {fileID: 4220046439634733}
  m_Layer: 10
  m_Name: Bip001 L Finger4Nub
  m_TagString: Untagged
  m_Icon: {fileID: 0}
  m_NavMeshLayer: 0
  m_StaticEditorFlags: 0
  m_IsActive: 1
--- !u!4 &4220046439634733
Transform:
  m_ObjectHideFlags: 0
  m_CorrespondingSourceObject: {fileID: 0}
  m_PrefabInstance: {fileID: 0}
  m_PrefabAsset: {fileID: 0}
  m_GameObject: {fileID: 1174197711145465}
  m_LocalRotation: {x: 0.00000000372529, y: 0, z: 0, w: 1}
  m_LocalPosition: {x: -0.2334276, y: 0, z: 0}
  m_LocalScale: {x: 1, y: 1, z: 1}
  m_Children: []
  m_Father: {fileID: 4403682098586788}
  m_RootOrder: 0
  m_LocalEulerAnglesHint: {x: 0.0000004268868, y: 0, z: 0}
--- !u!1 &1181854588059566
GameObject:
  m_ObjectHideFlags: 0
  m_CorrespondingSourceObject: {fileID: 0}
  m_PrefabInstance: {fileID: 0}
  m_PrefabAsset: {fileID: 0}
  serializedVersion: 6
  m_Component:
  - component: {fileID: 4210024602857044}
  m_Layer: 10
  m_Name: Bip001 R Finger0Nub
  m_TagString: Untagged
  m_Icon: {fileID: 0}
  m_NavMeshLayer: 0
  m_StaticEditorFlags: 0
  m_IsActive: 1
--- !u!4 &4210024602857044
Transform:
  m_ObjectHideFlags: 0
  m_CorrespondingSourceObject: {fileID: 0}
  m_PrefabInstance: {fileID: 0}
  m_PrefabAsset: {fileID: 0}
  m_GameObject: {fileID: 1181854588059566}
  m_LocalRotation: {x: 0.00000001490116, y: -0.000000007450581, z: 1, w: 4.978997e-17}
  m_LocalPosition: {x: -0.2212669, y: 0, z: 0.0000002384186}
  m_LocalScale: {x: -1, y: -1, z: -1}
  m_Children: []
  m_Father: {fileID: 4261168654708515}
  m_RootOrder: 0
  m_LocalEulerAnglesHint: {x: -0.0000008537737, y: 0.000001707547, z: 180}
--- !u!1 &1182213856097977
GameObject:
  m_ObjectHideFlags: 0
  m_CorrespondingSourceObject: {fileID: 0}
  m_PrefabInstance: {fileID: 0}
  m_PrefabAsset: {fileID: 0}
  serializedVersion: 6
  m_Component:
  - component: {fileID: 4411510464607538}
  m_Layer: 10
  m_Name: Bip001 R Finger3Nub
  m_TagString: Untagged
  m_Icon: {fileID: 0}
  m_NavMeshLayer: 0
  m_StaticEditorFlags: 0
  m_IsActive: 1
--- !u!4 &4411510464607538
Transform:
  m_ObjectHideFlags: 0
  m_CorrespondingSourceObject: {fileID: 0}
  m_PrefabInstance: {fileID: 0}
  m_PrefabAsset: {fileID: 0}
  m_GameObject: {fileID: 1182213856097977}
  m_LocalRotation: {x: 0.000000007450581, y: -0.00000001490116, z: 1, w: 1.722546e-16}
  m_LocalPosition: {x: -0.2640671, y: -0.0000002384186, z: 0.00000005960464}
  m_LocalScale: {x: -1, y: -1, z: -1}
  m_Children: []
  m_Father: {fileID: 4085469255039824}
  m_RootOrder: 0
  m_LocalEulerAnglesHint: {x: -0.000001707547, y: 0.0000008537737, z: -180}
--- !u!1 &1192856913297625
GameObject:
  m_ObjectHideFlags: 0
  m_CorrespondingSourceObject: {fileID: 0}
  m_PrefabInstance: {fileID: 0}
  m_PrefabAsset: {fileID: 0}
  serializedVersion: 6
  m_Component:
  - component: {fileID: 4876618925358268}
  m_Layer: 10
  m_Name: Bip001 R Clavicle
  m_TagString: Untagged
  m_Icon: {fileID: 0}
  m_NavMeshLayer: 0
  m_StaticEditorFlags: 0
  m_IsActive: 1
--- !u!4 &4876618925358268
Transform:
  m_ObjectHideFlags: 0
  m_CorrespondingSourceObject: {fileID: 0}
  m_PrefabInstance: {fileID: 0}
  m_PrefabAsset: {fileID: 0}
  m_GameObject: {fileID: 1192856913297625}
  m_LocalRotation: {x: 0.5767741, y: 0.0002284983, z: 0.8169036, w: -0.0003260212}
  m_LocalPosition: {x: -0.1752772, y: -0.1005312, z: -0.3788281}
  m_LocalScale: {x: 1, y: 1, z: 1}
  m_Children:
  - {fileID: 4022222510560510}
  m_Father: {fileID: 4496579203649670}
  m_RootOrder: 2
  m_LocalEulerAnglesHint: {x: -0.0004723494, y: 70.44794, z: 179.9539}
--- !u!1 &1216078017263956
GameObject:
  m_ObjectHideFlags: 0
  m_CorrespondingSourceObject: {fileID: 0}
  m_PrefabInstance: {fileID: 0}
  m_PrefabAsset: {fileID: 0}
  serializedVersion: 6
  m_Component:
  - component: {fileID: 4352321325668110}
  m_Layer: 10
  m_Name: Bip001 R Finger1Nub
  m_TagString: Untagged
  m_Icon: {fileID: 0}
  m_NavMeshLayer: 0
  m_StaticEditorFlags: 0
  m_IsActive: 1
--- !u!4 &4352321325668110
Transform:
  m_ObjectHideFlags: 0
  m_CorrespondingSourceObject: {fileID: 0}
  m_PrefabInstance: {fileID: 0}
  m_PrefabAsset: {fileID: 0}
  m_GameObject: {fileID: 1216078017263956}
  m_LocalRotation: {x: 0, y: 0, z: 1, w: 6.123234e-17}
  m_LocalPosition: {x: -0.2904844, y: 0, z: -0.00000001490116}
  m_LocalScale: {x: -1, y: -1, z: -0.9999999}
  m_Children: []
  m_Father: {fileID: 4069310556993994}
  m_RootOrder: 0
  m_LocalEulerAnglesHint: {x: 0, y: 0, z: -180}
--- !u!1 &1255798523530521
GameObject:
  m_ObjectHideFlags: 0
  m_CorrespondingSourceObject: {fileID: 0}
  m_PrefabInstance: {fileID: 0}
  m_PrefabAsset: {fileID: 0}
  serializedVersion: 6
  m_Component:
  - component: {fileID: 4004988915004189}
  m_Layer: 10
  m_Name: Bip001
  m_TagString: Untagged
  m_Icon: {fileID: 0}
  m_NavMeshLayer: 0
  m_StaticEditorFlags: 0
  m_IsActive: 1
--- !u!4 &4004988915004189
Transform:
  m_ObjectHideFlags: 0
  m_CorrespondingSourceObject: {fileID: 0}
  m_PrefabInstance: {fileID: 0}
  m_PrefabAsset: {fileID: 0}
  m_GameObject: {fileID: 1255798523530521}
  m_LocalRotation: {x: -0.5000004, y: 0.4999997, z: 0.4999997, w: 0.5000004}
  m_LocalPosition: {x: 0, y: 1.102958, z: -0.1605102}
  m_LocalScale: {x: 1, y: 1, z: 1}
  m_Children:
  - {fileID: 4722860947172118}
  m_Father: {fileID: 4697913768635613}
  m_RootOrder: 0
  m_LocalEulerAnglesHint: {x: -90, y: -89.99992, z: 0}
--- !u!1 &1257658706223629
GameObject:
  m_ObjectHideFlags: 0
  m_CorrespondingSourceObject: {fileID: 0}
  m_PrefabInstance: {fileID: 0}
  m_PrefabAsset: {fileID: 0}
  serializedVersion: 6
  m_Component:
  - component: {fileID: 4261168654708515}
  m_Layer: 10
  m_Name: Bip001 R Finger01
  m_TagString: Untagged
  m_Icon: {fileID: 0}
  m_NavMeshLayer: 0
  m_StaticEditorFlags: 0
  m_IsActive: 1
--- !u!4 &4261168654708515
Transform:
  m_ObjectHideFlags: 0
  m_CorrespondingSourceObject: {fileID: 0}
  m_PrefabInstance: {fileID: 0}
  m_PrefabAsset: {fileID: 0}
  m_GameObject: {fileID: 1257658706223629}
  m_LocalRotation: {x: -0.000000004742369, y: 0.00000001597078, z: -0.1741083, w: 0.9847265}
  m_LocalPosition: {x: -0.2212668, y: 0.00000008940697, z: -0.0000002384186}
  m_LocalScale: {x: 1, y: 1, z: 1}
  m_Children:
  - {fileID: 4210024602857044}
  m_Father: {fileID: 4092065352582587}
  m_RootOrder: 0
  m_LocalEulerAnglesHint: {x: -0.0000008537736, y: -0.000001707547, z: 20.05353}
--- !u!1 &1271392595895411
GameObject:
  m_ObjectHideFlags: 0
  m_CorrespondingSourceObject: {fileID: 0}
  m_PrefabInstance: {fileID: 0}
  m_PrefabAsset: {fileID: 0}
  serializedVersion: 6
  m_Component:
  - component: {fileID: 4417295099186079}
  m_Layer: 10
  m_Name: Bip001 R Foot
  m_TagString: Untagged
  m_Icon: {fileID: 0}
  m_NavMeshLayer: 0
  m_StaticEditorFlags: 0
  m_IsActive: 1
--- !u!4 &4417295099186079
Transform:
  m_ObjectHideFlags: 0
  m_CorrespondingSourceObject: {fileID: 0}
  m_PrefabInstance: {fileID: 0}
  m_PrefabAsset: {fileID: 0}
  m_GameObject: {fileID: 1271392595895411}
  m_LocalRotation: {x: -0.058891, y: -0.1058453, z: 0.07453346, w: 0.989835}
  m_LocalPosition: {x: -0.3654073, y: 0, z: 0.00000002980232}
  m_LocalScale: {x: 1, y: 1, z: 1}
  m_Children:
  - {fileID: 4507704152866325}
  - {fileID: 4277979772659106}
  m_Father: {fileID: 4790713036903912}
  m_RootOrder: 0
  m_LocalEulerAnglesHint: {x: -7.765191, y: 11.58141, z: -9.401044}
--- !u!1 &1286207415637128
GameObject:
  m_ObjectHideFlags: 0
  m_CorrespondingSourceObject: {fileID: 0}
  m_PrefabInstance: {fileID: 0}
  m_PrefabAsset: {fileID: 0}
  serializedVersion: 6
  m_Component:
  - component: {fileID: 4719707609527377}
  m_Layer: 10
  m_Name: Bip001 L Finger0Nub
  m_TagString: Untagged
  m_Icon: {fileID: 0}
  m_NavMeshLayer: 0
  m_StaticEditorFlags: 0
  m_IsActive: 1
--- !u!4 &4719707609527377
Transform:
  m_ObjectHideFlags: 0
  m_CorrespondingSourceObject: {fileID: 0}
  m_PrefabInstance: {fileID: 0}
  m_PrefabAsset: {fileID: 0}
  m_GameObject: {fileID: 1286207415637128}
  m_LocalRotation: {x: -0.000000007450581, y: -0.00000001490116, z: -1.110223e-16,
    w: 1}
  m_LocalPosition: {x: -0.221267, y: 0, z: 0}
  m_LocalScale: {x: 1, y: 1, z: 1}
  m_Children: []
  m_Father: {fileID: 4532747933814831}
  m_RootOrder: 0
  m_LocalEulerAnglesHint: {x: -0.0000008537737, y: 0.000001707547, z: 0}
--- !u!1 &1302641798535122
GameObject:
  m_ObjectHideFlags: 0
  m_CorrespondingSourceObject: {fileID: 0}
  m_PrefabInstance: {fileID: 0}
  m_PrefabAsset: {fileID: 0}
  serializedVersion: 6
  m_Component:
  - component: {fileID: 4637826749991358}
  m_Layer: 10
  m_Name: Bip001 R Finger21
  m_TagString: Untagged
  m_Icon: {fileID: 0}
  m_NavMeshLayer: 0
  m_StaticEditorFlags: 0
  m_IsActive: 1
--- !u!4 &4637826749991358
Transform:
  m_ObjectHideFlags: 0
  m_CorrespondingSourceObject: {fileID: 0}
  m_PrefabInstance: {fileID: 0}
  m_PrefabAsset: {fileID: 0}
  m_GameObject: {fileID: 1302641798535122}
  m_LocalRotation: {x: 5.396245e-10, y: 3.774736e-10, z: -0.1741081, w: 0.9847265}
  m_LocalPosition: {x: -0.3041033, y: 0, z: 0}
  m_LocalScale: {x: 1, y: 0.9999999, z: 0.9999999}
  m_Children:
  - {fileID: 4289691558967622}
  m_Father: {fileID: 4012265990160695}
  m_RootOrder: 0
  m_LocalEulerAnglesHint: {x: 0.00000005336085, y: -0.00000005336085, z: 20.05352}
--- !u!1 &1306862190006315
GameObject:
  m_ObjectHideFlags: 0
  m_CorrespondingSourceObject: {fileID: 0}
  m_PrefabInstance: {fileID: 0}
  m_PrefabAsset: {fileID: 0}
  serializedVersion: 6
  m_Component:
  - component: {fileID: 4743347396161956}
  m_Layer: 10
  m_Name: Bip001 L Finger3
  m_TagString: Untagged
  m_Icon: {fileID: 0}
  m_NavMeshLayer: 0
  m_StaticEditorFlags: 0
  m_IsActive: 1
--- !u!4 &4743347396161956
Transform:
  m_ObjectHideFlags: 0
  m_CorrespondingSourceObject: {fileID: 0}
  m_PrefabInstance: {fileID: 0}
  m_PrefabAsset: {fileID: 0}
  m_GameObject: {fileID: 1306862190006315}
  m_LocalRotation: {x: -0.256676, y: 0.0884444, z: -0.1330991, w: 0.9531944}
  m_LocalPosition: {x: -0.692753, y: 0.002880812, z: 0.2292323}
  m_LocalScale: {x: 1, y: 1, z: 0.9999999}
  m_Children:
  - {fileID: 4014210517966508}
  m_Father: {fileID: 4983085437634307}
  m_RootOrder: 3
  m_LocalEulerAnglesHint: {x: -31.02864, y: -5.75545, z: 17.4971}
--- !u!1 &1310396916229445
GameObject:
  m_ObjectHideFlags: 0
  m_CorrespondingSourceObject: {fileID: 0}
  m_PrefabInstance: {fileID: 0}
  m_PrefabAsset: {fileID: 0}
  serializedVersion: 6
  m_Component:
  - component: {fileID: 4496579203649670}
  m_Layer: 10
  m_Name: Bip001 Neck
  m_TagString: Untagged
  m_Icon: {fileID: 0}
  m_NavMeshLayer: 0
  m_StaticEditorFlags: 0
  m_IsActive: 1
--- !u!4 &4496579203649670
Transform:
  m_ObjectHideFlags: 0
  m_CorrespondingSourceObject: {fileID: 0}
  m_PrefabInstance: {fileID: 0}
  m_PrefabAsset: {fileID: 0}
  m_GameObject: {fileID: 1310396916229445}
  m_LocalRotation: {x: 2.672683e-14, y: 0, z: 0, w: 1}
  m_LocalPosition: {x: -0.3381958, y: 0.1005326, z: 0.0000001411269}
  m_LocalScale: {x: 1, y: 1, z: 1}
  m_Children:
  - {fileID: 4542297729380657}
  - {fileID: 4187488710767851}
  - {fileID: 4876618925358268}
  m_Father: {fileID: 4143019433788873}
  m_RootOrder: 1
  m_LocalEulerAnglesHint: {x: 3.062669e-12, y: 0, z: 0}
--- !u!1 &1317500675668692
GameObject:
  m_ObjectHideFlags: 0
  m_CorrespondingSourceObject: {fileID: 0}
  m_PrefabInstance: {fileID: 0}
  m_PrefabAsset: {fileID: 0}
  serializedVersion: 6
  m_Component:
  - component: {fileID: 4722860947172118}
  m_Layer: 10
  m_Name: Bip001 Pelvis
  m_TagString: Untagged
  m_Icon: {fileID: 0}
  m_NavMeshLayer: 0
  m_StaticEditorFlags: 0
  m_IsActive: 1
--- !u!4 &4722860947172118
Transform:
  m_ObjectHideFlags: 0
  m_CorrespondingSourceObject: {fileID: 0}
  m_PrefabInstance: {fileID: 0}
  m_PrefabAsset: {fileID: 0}
  m_GameObject: {fileID: 1317500675668692}
  m_LocalRotation: {x: -0.5, y: 0.5, z: 0.4999993, w: 0.5000007}
  m_LocalPosition: {x: 0, y: 0, z: 0}
  m_LocalScale: {x: 1, y: 1, z: 1}
  m_Children:
  - {fileID: 4143019433788873}
  m_Father: {fileID: 4004988915004189}
  m_RootOrder: 0
  m_LocalEulerAnglesHint: {x: -89.99992, y: -89.99992, z: 0}
--- !u!1 &1348125305958564
GameObject:
  m_ObjectHideFlags: 0
  m_CorrespondingSourceObject: {fileID: 0}
  m_PrefabInstance: {fileID: 0}
  m_PrefabAsset: {fileID: 0}
  serializedVersion: 6
  m_Component:
  - component: {fileID: 4623359868353197}
  m_Layer: 10
  m_Name: Bip001 L Finger0
  m_TagString: Untagged
  m_Icon: {fileID: 0}
  m_NavMeshLayer: 0
  m_StaticEditorFlags: 0
  m_IsActive: 1
--- !u!4 &4623359868353197
Transform:
  m_ObjectHideFlags: 0
  m_CorrespondingSourceObject: {fileID: 0}
  m_PrefabInstance: {fileID: 0}
  m_PrefabAsset: {fileID: 0}
  m_GameObject: {fileID: 1348125305958564}
  m_LocalRotation: {x: 0.4757712, y: -0.3138882, z: 0.07749232, w: 0.817992}
  m_LocalPosition: {x: -0.4433635, y: 0.04235303, z: -0.3911678}
  m_LocalScale: {x: 1, y: 0.9999999, z: 0.9999999}
  m_Children:
  - {fileID: 4532747933814831}
  m_Father: {fileID: 4983085437634307}
  m_RootOrder: 0
  m_LocalEulerAnglesHint: {x: 64.36072, y: 35.96234, z: 12.26191}
--- !u!1 &1362345959241057
GameObject:
  m_ObjectHideFlags: 0
  m_CorrespondingSourceObject: {fileID: 0}
  m_PrefabInstance: {fileID: 0}
  m_PrefabAsset: {fileID: 0}
  serializedVersion: 6
  m_Component:
  - component: {fileID: 4012265990160695}
  m_Layer: 10
  m_Name: Bip001 R Finger2
  m_TagString: Untagged
  m_Icon: {fileID: 0}
  m_NavMeshLayer: 0
  m_StaticEditorFlags: 0
  m_IsActive: 1
--- !u!4 &4012265990160695
Transform:
  m_ObjectHideFlags: 0
  m_CorrespondingSourceObject: {fileID: 0}
  m_PrefabInstance: {fileID: 0}
  m_PrefabAsset: {fileID: 0}
  m_GameObject: {fileID: 1362345959241057}
  m_LocalRotation: {x: 0.04622522, y: -0.0415074, z: -0.1354935, w: 0.9888285}
  m_LocalPosition: {x: -0.7043635, y: -0.08959186, z: -0.03238493}
  m_LocalScale: {x: 1, y: 1, z: 0.9999999}
  m_Children:
  - {fileID: 4637826749991358}
  m_Father: {fileID: 4960151122213363}
  m_RootOrder: 2
  m_LocalEulerAnglesHint: {x: 5.907048, y: 3.988772, z: 15.81053}
--- !u!1 &1371232682543239
GameObject:
  m_ObjectHideFlags: 0
  m_CorrespondingSourceObject: {fileID: 0}
  m_PrefabInstance: {fileID: 0}
  m_PrefabAsset: {fileID: 0}
  serializedVersion: 6
  m_Component:
  - component: {fileID: 4532747933814831}
  m_Layer: 10
  m_Name: Bip001 L Finger01
  m_TagString: Untagged
  m_Icon: {fileID: 0}
  m_NavMeshLayer: 0
  m_StaticEditorFlags: 0
  m_IsActive: 1
--- !u!4 &4532747933814831
Transform:
  m_ObjectHideFlags: 0
  m_CorrespondingSourceObject: {fileID: 0}
  m_PrefabInstance: {fileID: 0}
  m_PrefabAsset: {fileID: 0}
  m_GameObject: {fileID: 1371232682543239}
  m_LocalRotation: {x: 0, y: 0, z: -0.1741083, w: 0.9847265}
  m_LocalPosition: {x: -0.2212669, y: -0.00000005960464, z: 0.0000002384186}
  m_LocalScale: {x: 1, y: 1, z: 1}
  m_Children:
  - {fileID: 4719707609527377}
  m_Father: {fileID: 4623359868353197}
  m_RootOrder: 0
  m_LocalEulerAnglesHint: {x: 0, y: 0, z: 20.05354}
--- !u!1 &1379564694002379
GameObject:
  m_ObjectHideFlags: 0
  m_CorrespondingSourceObject: {fileID: 0}
  m_PrefabInstance: {fileID: 0}
  m_PrefabAsset: {fileID: 0}
  serializedVersion: 6
  m_Component:
  - component: {fileID: 4660289599909807}
  m_Layer: 10
  m_Name: Bip001 R Toe0Nub
  m_TagString: Untagged
  m_Icon: {fileID: 0}
  m_NavMeshLayer: 0
  m_StaticEditorFlags: 0
  m_IsActive: 1
--- !u!4 &4660289599909807
Transform:
  m_ObjectHideFlags: 0
  m_CorrespondingSourceObject: {fileID: 0}
  m_PrefabInstance: {fileID: 0}
  m_PrefabAsset: {fileID: 0}
  m_GameObject: {fileID: 1379564694002379}
  m_LocalRotation: {x: 1.382889e-30, y: 7.784972e-16, z: -1.776357e-15, w: 1}
  m_LocalPosition: {x: -0.4291752, y: 0, z: 0}
  m_LocalScale: {x: 1, y: 1, z: 1}
  m_Children: []
  m_Father: {fileID: 4507704152866325}
  m_RootOrder: 0
  m_LocalEulerAnglesHint: {x: 0, y: -8.920921e-14, z: 2.035555e-13}
--- !u!1 &1384365439445900
GameObject:
  m_ObjectHideFlags: 0
  m_CorrespondingSourceObject: {fileID: 0}
  m_PrefabInstance: {fileID: 0}
  m_PrefabAsset: {fileID: 0}
  serializedVersion: 6
  m_Component:
  - component: {fileID: 4686338347930916}
  m_Layer: 10
  m_Name: Hp
  m_TagString: Untagged
  m_Icon: {fileID: 0}
  m_NavMeshLayer: 0
  m_StaticEditorFlags: 0
  m_IsActive: 1
--- !u!4 &4686338347930916
Transform:
  m_ObjectHideFlags: 0
  m_CorrespondingSourceObject: {fileID: 0}
  m_PrefabInstance: {fileID: 0}
  m_PrefabAsset: {fileID: 0}
  m_GameObject: {fileID: 1384365439445900}
  m_LocalRotation: {x: 0.006088814, y: 0.000001670351, z: 0.0000002282524, w: 0.9999815}
  m_LocalPosition: {x: 0.1, y: 3.4, z: 0.34}
  m_LocalScale: {x: 1, y: 1, z: 1}
  m_Children: []
  m_Father: {fileID: 4697913768635613}
  m_RootOrder: 8
  m_LocalEulerAnglesHint: {x: 0.697731, y: -0.0001912453, z: -0.00002732076}
--- !u!1 &1388740657300983
GameObject:
  m_ObjectHideFlags: 0
  m_CorrespondingSourceObject: {fileID: 0}
  m_PrefabInstance: {fileID: 0}
  m_PrefabAsset: {fileID: 0}
  serializedVersion: 6
  m_Component:
  - component: {fileID: 4092065352582587}
  m_Layer: 10
  m_Name: Bip001 R Finger0
  m_TagString: Untagged
  m_Icon: {fileID: 0}
  m_NavMeshLayer: 0
  m_StaticEditorFlags: 0
  m_IsActive: 1
--- !u!4 &4092065352582587
Transform:
  m_ObjectHideFlags: 0
  m_CorrespondingSourceObject: {fileID: 0}
  m_PrefabInstance: {fileID: 0}
  m_PrefabAsset: {fileID: 0}
  m_GameObject: {fileID: 1388740657300983}
  m_LocalRotation: {x: -0.4757712, y: 0.3138883, z: 0.07749235, w: 0.817992}
  m_LocalPosition: {x: -0.4433634, y: 0.04235291, z: 0.3911679}
  m_LocalScale: {x: 1, y: 1, z: 0.9999999}
  m_Children:
  - {fileID: 4261168654708515}
  m_Father: {fileID: 4960151122213363}
  m_RootOrder: 0
  m_LocalEulerAnglesHint: {x: -64.36073, y: -35.96235, z: 12.26192}
--- !u!1 &1393194100443822
GameObject:
  m_ObjectHideFlags: 0
  m_CorrespondingSourceObject: {fileID: 0}
  m_PrefabInstance: {fileID: 0}
  m_PrefabAsset: {fileID: 0}
  serializedVersion: 6
  m_Component:
  - component: {fileID: 4538773773913338}
  m_Layer: 10
  m_Name: Bone002
  m_TagString: Untagged
  m_Icon: {fileID: 0}
  m_NavMeshLayer: 0
  m_StaticEditorFlags: 0
  m_IsActive: 1
--- !u!4 &4538773773913338
Transform:
  m_ObjectHideFlags: 0
  m_CorrespondingSourceObject: {fileID: 0}
  m_PrefabInstance: {fileID: 0}
  m_PrefabAsset: {fileID: 0}
  m_GameObject: {fileID: 1393194100443822}
  m_LocalRotation: {x: 0.0000001390684, y: 0.0000000764457, z: 0.1064586, w: 0.9943172}
  m_LocalPosition: {x: -0.2971905, y: 1.653748, z: -0.1428222}
  m_LocalScale: {x: 1, y: 1, z: 1}
  m_Children: []
  m_Father: {fileID: 4697913768635613}
  m_RootOrder: 2
  m_LocalEulerAnglesHint: {x: 0.00001677808, y: -0.000007013719, z: -12.22241}
--- !u!1 &1413406267028588
GameObject:
  m_ObjectHideFlags: 0
  m_CorrespondingSourceObject: {fileID: 0}
  m_PrefabInstance: {fileID: 0}
  m_PrefabAsset: {fileID: 0}
  serializedVersion: 6
  m_Component:
  - component: {fileID: 4583746700754456}
  m_Layer: 10
  m_Name: Bip001 L Finger3Nub
  m_TagString: Untagged
  m_Icon: {fileID: 0}
  m_NavMeshLayer: 0
  m_StaticEditorFlags: 0
  m_IsActive: 1
--- !u!4 &4583746700754456
Transform:
  m_ObjectHideFlags: 0
  m_CorrespondingSourceObject: {fileID: 0}
  m_PrefabInstance: {fileID: 0}
  m_PrefabAsset: {fileID: 0}
  m_GameObject: {fileID: 1413406267028588}
  m_LocalRotation: {x: 0, y: 0.000000007450581, z: 0, w: 1}
  m_LocalPosition: {x: -0.2640671, y: -0.0000002384186, z: -0.00000005960464}
  m_LocalScale: {x: 0.9999999, y: 0.9999999, z: 0.9999999}
  m_Children: []
  m_Father: {fileID: 4014210517966508}
  m_RootOrder: 0
  m_LocalEulerAnglesHint: {x: 0, y: -0.0000008537738, z: 0}
--- !u!1 &1436906046259714
GameObject:
  m_ObjectHideFlags: 0
  m_CorrespondingSourceObject: {fileID: 0}
  m_PrefabInstance: {fileID: 0}
  m_PrefabAsset: {fileID: 0}
  serializedVersion: 6
  m_Component:
  - component: {fileID: 4059894167971873}
  m_Layer: 10
  m_Name: Chest_in
  m_TagString: Untagged
  m_Icon: {fileID: 0}
  m_NavMeshLayer: 0
  m_StaticEditorFlags: 0
  m_IsActive: 1
--- !u!4 &4059894167971873
Transform:
  m_ObjectHideFlags: 0
  m_CorrespondingSourceObject: {fileID: 0}
  m_PrefabInstance: {fileID: 0}
  m_PrefabAsset: {fileID: 0}
  m_GameObject: {fileID: 1436906046259714}
  m_LocalRotation: {x: 0.006088814, y: 0.000001670351, z: 0.0000002282524, w: 0.9999815}
  m_LocalPosition: {x: 0, y: 1.2, z: 0}
  m_LocalScale: {x: 1, y: 1, z: 1}
  m_Children: []
  m_Father: {fileID: 4697913768635613}
  m_RootOrder: 11
  m_LocalEulerAnglesHint: {x: 0.697731, y: -0.0001912453, z: -0.00002732076}
--- !u!1 &1458057097311658
GameObject:
  m_ObjectHideFlags: 0
  m_CorrespondingSourceObject: {fileID: 0}
  m_PrefabInstance: {fileID: 0}
  m_PrefabAsset: {fileID: 0}
  serializedVersion: 6
  m_Component:
  - component: {fileID: 4289691558967622}
  m_Layer: 10
  m_Name: Bip001 R Finger2Nub
  m_TagString: Untagged
  m_Icon: {fileID: 0}
  m_NavMeshLayer: 0
  m_StaticEditorFlags: 0
  m_IsActive: 1
--- !u!4 &4289691558967622
Transform:
  m_ObjectHideFlags: 0
  m_CorrespondingSourceObject: {fileID: 0}
  m_PrefabInstance: {fileID: 0}
  m_PrefabAsset: {fileID: 0}
  m_GameObject: {fileID: 1458057097311658}
  m_LocalRotation: {x: -4.656613e-10, y: -4.656613e-10, z: 1, w: -6.144918e-17}
  m_LocalPosition: {x: -0.3041034, y: -0.0000002384186, z: 0}
  m_LocalScale: {x: -1, y: -1, z: -1}
  m_Children: []
  m_Father: {fileID: 4637826749991358}
  m_RootOrder: 0
  m_LocalEulerAnglesHint: {x: -0.00000005336085, y: -0.00000005336085, z: 180}
--- !u!1 &1467224937888150
GameObject:
  m_ObjectHideFlags: 0
  m_CorrespondingSourceObject: {fileID: 0}
  m_PrefabInstance: {fileID: 0}
  m_PrefabAsset: {fileID: 0}
  serializedVersion: 6
  m_Component:
  - component: {fileID: 4203529848953660}
  - component: {fileID: 137084773027483290}
  m_Layer: 10
  m_Name: Ms_017bjw_0
  m_TagString: Untagged
  m_Icon: {fileID: 0}
  m_NavMeshLayer: 0
  m_StaticEditorFlags: 0
  m_IsActive: 1
--- !u!4 &4203529848953660
Transform:
  m_ObjectHideFlags: 0
  m_CorrespondingSourceObject: {fileID: 0}
  m_PrefabInstance: {fileID: 0}
  m_PrefabAsset: {fileID: 0}
  m_GameObject: {fileID: 1467224937888150}
  m_LocalRotation: {x: -0.7071068, y: 0, z: 0, w: 0.7071068}
  m_LocalPosition: {x: 0, y: 0, z: 0}
  m_LocalScale: {x: 1, y: 1, z: 1}
  m_Children: []
  m_Father: {fileID: 4697913768635613}
  m_RootOrder: 5
  m_LocalEulerAnglesHint: {x: -90, y: 0, z: 0}
--- !u!137 &137084773027483290
SkinnedMeshRenderer:
  m_ObjectHideFlags: 0
  m_CorrespondingSourceObject: {fileID: 0}
  m_PrefabInstance: {fileID: 0}
  m_PrefabAsset: {fileID: 0}
  m_GameObject: {fileID: 1467224937888150}
  m_Enabled: 1
  m_CastShadows: 1
  m_ReceiveShadows: 0
  m_DynamicOccludee: 1
  m_MotionVectors: 1
  m_LightProbeUsage: 1
  m_ReflectionProbeUsage: 1
  m_RayTracingMode: 3
  m_RayTraceProcedural: 0
  m_RenderingLayerMask: 4294967295
  m_RendererPriority: 0
  m_Materials:
  - {fileID: 2100000, guid: f862e2f495748db46bd339898b12c8f7, type: 2}
  m_StaticBatchInfo:
    firstSubMesh: 0
    subMeshCount: 0
  m_StaticBatchRoot: {fileID: 0}
  m_ProbeAnchor: {fileID: 0}
  m_LightProbeVolumeOverride: {fileID: 0}
  m_ScaleInLightmap: 1
  m_ReceiveGI: 1
  m_PreserveUVs: 0
  m_IgnoreNormalsForChartDetection: 0
  m_ImportantGI: 0
  m_StitchLightmapSeams: 0
  m_SelectedEditorRenderState: 3
  m_MinimumChartSize: 4
  m_AutoUVMaxDistance: 0.5
  m_AutoUVMaxAngle: 89
  m_LightmapParameters: {fileID: 0}
  m_SortingLayerID: 0
  m_SortingLayer: 0
  m_SortingOrder: 0
  serializedVersion: 2
  m_Quality: 4
  m_UpdateWhenOffscreen: 0
  m_SkinnedMotionVectors: 1
  m_Mesh: {fileID: 4300000, guid: f41f4b3befbd3cf4eb35aa4be6b4c277, type: 2}
  m_Bones:
  - {fileID: 4143019433788873}
  - {fileID: 4542297729380657}
  - {fileID: 4605181583090328}
  - {fileID: 4328486248519675}
  - {fileID: 4417295099186079}
  - {fileID: 4873851623754705}
  - {fileID: 4462840789923606}
  - {fileID: 4722860947172118}
  - {fileID: 4569986428517756}
  - {fileID: 4790713036903912}
  - {fileID: 4507704152866325}
  - {fileID: 4960151122213363}
  - {fileID: 4689215071722282}
  - {fileID: 4122706585950677}
  - {fileID: 4283805811164644}
  - {fileID: 4012265990160695}
  - {fileID: 4992108356927087}
  - {fileID: 4092065352582587}
  - {fileID: 4261168654708515}
  - {fileID: 4284831726656472}
  - {fileID: 4069310556993994}
  - {fileID: 4637826749991358}
  - {fileID: 4085469255039824}
  - {fileID: 4022222510560510}
  - {fileID: 4020741472268991}
  - {fileID: 4486810309347269}
  - {fileID: 4983085437634307}
  - {fileID: 4154520909469088}
  - {fileID: 4639686006739213}
  - {fileID: 4743347396161956}
  - {fileID: 4270430045136982}
  - {fileID: 4623359868353197}
  - {fileID: 4532747933814831}
  - {fileID: 4672222206725699}
  - {fileID: 4757019739768795}
  - {fileID: 4403682098586788}
  - {fileID: 4219962820013476}
  - {fileID: 4014210517966508}
  - {fileID: 4538773773913338}
  - {fileID: 4891865545944236}
  m_BlendShapeWeights: []
  m_RootBone: {fileID: 4722860947172118}
  m_AABB:
    m_Center: {x: -0.9409381, y: 0.3239208, z: 0.7374403}
    m_Extent: {x: 2.049358, y: 1.249779, z: 3.599457}
  m_DirtyAABB: 0
--- !u!1 &1472121944029452
GameObject:
  m_ObjectHideFlags: 0
  m_CorrespondingSourceObject: {fileID: 0}
  m_PrefabInstance: {fileID: 0}
  m_PrefabAsset: {fileID: 0}
  serializedVersion: 6
  m_Component:
  - component: {fileID: 4752813065346304}
  m_Layer: 10
  m_Name: Bip001 L Finger2Nub
  m_TagString: Untagged
  m_Icon: {fileID: 0}
  m_NavMeshLayer: 0
  m_StaticEditorFlags: 0
  m_IsActive: 1
--- !u!4 &4752813065346304
Transform:
  m_ObjectHideFlags: 0
  m_CorrespondingSourceObject: {fileID: 0}
  m_PrefabInstance: {fileID: 0}
  m_PrefabAsset: {fileID: 0}
  m_GameObject: {fileID: 1472121944029452}
  m_LocalRotation: {x: 6.984919e-10, y: 9.313226e-10, z: 0.00000001490116, w: 1}
  m_LocalPosition: {x: -0.3041033, y: 0.0000002384186, z: 0.00000001490116}
  m_LocalScale: {x: 1, y: 1, z: 1}
  m_Children: []
  m_Father: {fileID: 4757019739768795}
  m_RootOrder: 0
  m_LocalEulerAnglesHint: {x: 0.00000008004128, y: -0.0000001067217, z: -0.000001707547}
--- !u!1 &1486459997686719
GameObject:
  m_ObjectHideFlags: 0
  m_CorrespondingSourceObject: {fileID: 0}
  m_PrefabInstance: {fileID: 0}
  m_PrefabAsset: {fileID: 0}
  serializedVersion: 6
  m_Component:
  - component: {fileID: 4680512134991520}
  m_Layer: 10
  m_Name: Bip001 HeadNub
  m_TagString: Untagged
  m_Icon: {fileID: 0}
  m_NavMeshLayer: 0
  m_StaticEditorFlags: 0
  m_IsActive: 1
--- !u!4 &4680512134991520
Transform:
  m_ObjectHideFlags: 0
  m_CorrespondingSourceObject: {fileID: 0}
  m_PrefabInstance: {fileID: 0}
  m_PrefabAsset: {fileID: 0}
  m_GameObject: {fileID: 1486459997686719}
  m_LocalRotation: {x: 5.684342e-14, y: 0, z: 0, w: 1}
  m_LocalPosition: {x: -1.039874, y: 0.00000005960464, z: 1.136868e-13}
  m_LocalScale: {x: 1, y: 1, z: 1}
  m_Children: []
  m_Father: {fileID: 4542297729380657}
  m_RootOrder: 0
  m_LocalEulerAnglesHint: {x: 6.513776e-12, y: 0, z: 0}
--- !u!1 &1505970009800592
GameObject:
  m_ObjectHideFlags: 0
  m_CorrespondingSourceObject: {fileID: 0}
  m_PrefabInstance: {fileID: 0}
  m_PrefabAsset: {fileID: 0}
  serializedVersion: 6
  m_Component:
  - component: {fileID: 4085469255039824}
  m_Layer: 10
  m_Name: Bip001 R Finger31
  m_TagString: Untagged
  m_Icon: {fileID: 0}
  m_NavMeshLayer: 0
  m_StaticEditorFlags: 0
  m_IsActive: 1
--- !u!4 &4085469255039824
Transform:
  m_ObjectHideFlags: 0
  m_CorrespondingSourceObject: {fileID: 0}
  m_PrefabInstance: {fileID: 0}
  m_PrefabAsset: {fileID: 0}
  m_GameObject: {fileID: 1505970009800592}
  m_LocalRotation: {x: -0.00000002935264, y: 0.000000005157637, z: -0.1730616, w: 0.984911}
  m_LocalPosition: {x: -0.2324437, y: 0, z: -0.0000001192093}
  m_LocalScale: {x: 0.9999999, y: 1, z: 0.9999999}
  m_Children:
  - {fileID: 4411510464607538}
  m_Father: {fileID: 4283805811164644}
  m_RootOrder: 0
  m_LocalEulerAnglesHint: {x: -0.000003415095, y: 0, z: 19.93175}
--- !u!1 &1525166447728029
GameObject:
  m_ObjectHideFlags: 0
  m_CorrespondingSourceObject: {fileID: 0}
  m_PrefabInstance: {fileID: 0}
  m_PrefabAsset: {fileID: 0}
  serializedVersion: 6
  m_Component:
  - component: {fileID: 4122706585950677}
  m_Layer: 10
  m_Name: Bip001 R Finger4
  m_TagString: Untagged
  m_Icon: {fileID: 0}
  m_NavMeshLayer: 0
  m_StaticEditorFlags: 0
  m_IsActive: 1
--- !u!4 &4122706585950677
Transform:
  m_ObjectHideFlags: 0
  m_CorrespondingSourceObject: {fileID: 0}
  m_PrefabInstance: {fileID: 0}
  m_PrefabAsset: {fileID: 0}
  m_GameObject: {fileID: 1525166447728029}
  m_LocalRotation: {x: 0.3423001, y: -0.1438771, z: -0.1254381, w: 0.9199975}
  m_LocalPosition: {x: -0.6111966, y: 0.115238, z: -0.3482571}
  m_LocalScale: {x: 1, y: 1, z: 1}
  m_Children:
  - {fileID: 4284831726656472}
  m_Father: {fileID: 4960151122213363}
  m_RootOrder: 4
  m_LocalEulerAnglesHint: {x: 42.59719, y: 10.30326, z: 19.55435}
--- !u!1 &1525261884408886
GameObject:
  m_ObjectHideFlags: 0
  m_CorrespondingSourceObject: {fileID: 0}
  m_PrefabInstance: {fileID: 0}
  m_PrefabAsset: {fileID: 0}
  serializedVersion: 6
  m_Component:
  - component: {fileID: 4639686006739213}
  m_Layer: 10
  m_Name: Bip001 L Finger4
  m_TagString: Untagged
  m_Icon: {fileID: 0}
  m_NavMeshLayer: 0
  m_StaticEditorFlags: 0
  m_IsActive: 1
--- !u!4 &4639686006739213
Transform:
  m_ObjectHideFlags: 0
  m_CorrespondingSourceObject: {fileID: 0}
  m_PrefabInstance: {fileID: 0}
  m_PrefabAsset: {fileID: 0}
  m_GameObject: {fileID: 1525261884408886}
  m_LocalRotation: {x: -0.3423001, y: 0.1438771, z: -0.1254381, w: 0.9199975}
  m_LocalPosition: {x: -0.6111965, y: 0.115238, z: 0.348257}
  m_LocalScale: {x: 1, y: 0.9999999, z: 1}
  m_Children:
  - {fileID: 4403682098586788}
  m_Father: {fileID: 4983085437634307}
  m_RootOrder: 4
  m_LocalEulerAnglesHint: {x: -42.59719, y: -10.30326, z: 19.55434}
--- !u!1 &1546607352342079
GameObject:
  m_ObjectHideFlags: 0
  m_CorrespondingSourceObject: {fileID: 0}
  m_PrefabInstance: {fileID: 0}
  m_PrefabAsset: {fileID: 0}
  serializedVersion: 6
  m_Component:
  - component: {fileID: 4270430045136982}
  m_Layer: 10
  m_Name: Bip001 L Finger2
  m_TagString: Untagged
  m_Icon: {fileID: 0}
  m_NavMeshLayer: 0
  m_StaticEditorFlags: 0
  m_IsActive: 1
--- !u!4 &4270430045136982
Transform:
  m_ObjectHideFlags: 0
  m_CorrespondingSourceObject: {fileID: 0}
  m_PrefabInstance: {fileID: 0}
  m_PrefabAsset: {fileID: 0}
  m_GameObject: {fileID: 1546607352342079}
  m_LocalRotation: {x: -0.04622523, y: 0.0415074, z: -0.1354935, w: 0.9888285}
  m_LocalPosition: {x: -0.7043635, y: -0.08959174, z: 0.03238493}
  m_LocalScale: {x: 1, y: 1, z: 0.9999999}
  m_Children:
  - {fileID: 4757019739768795}
  m_Father: {fileID: 4983085437634307}
  m_RootOrder: 2
  m_LocalEulerAnglesHint: {x: -5.907049, y: -3.988771, z: 15.81053}
--- !u!1 &1567643664078646
GameObject:
  m_ObjectHideFlags: 0
  m_CorrespondingSourceObject: {fileID: 0}
  m_PrefabInstance: {fileID: 0}
  m_PrefabAsset: {fileID: 0}
  serializedVersion: 6
  m_Component:
  - component: {fileID: 4507704152866325}
  m_Layer: 10
  m_Name: Bip001 R Toe0
  m_TagString: Untagged
  m_Icon: {fileID: 0}
  m_NavMeshLayer: 0
  m_StaticEditorFlags: 0
  m_IsActive: 1
--- !u!4 &4507704152866325
Transform:
  m_ObjectHideFlags: 0
  m_CorrespondingSourceObject: {fileID: 0}
  m_PrefabInstance: {fileID: 0}
  m_PrefabAsset: {fileID: 0}
  m_GameObject: {fileID: 1567643664078646}
  m_LocalRotation: {x: 0.00000001545431, y: -0.00000001545431, z: -0.7071068, w: 0.7071068}
  m_LocalPosition: {x: -0.3005829, y: 0.7483837, z: 0}
  m_LocalScale: {x: 1, y: 1, z: 1}
  m_Children:
  - {fileID: 4660289599909807}
  m_Father: {fileID: 4417295099186079}
  m_RootOrder: 0
  m_LocalEulerAnglesHint: {x: 0.000002504479, y: -1.895758e-22, z: 90}
--- !u!1 &1570162982898583
GameObject:
  m_ObjectHideFlags: 0
  m_CorrespondingSourceObject: {fileID: 0}
  m_PrefabInstance: {fileID: 0}
  m_PrefabAsset: {fileID: 0}
  serializedVersion: 6
  m_Component:
  - component: {fileID: 4020741472268991}
  m_Layer: 10
  m_Name: Bip001 L Calf
  m_TagString: Untagged
  m_Icon: {fileID: 0}
  m_NavMeshLayer: 0
  m_StaticEditorFlags: 0
  m_IsActive: 1
--- !u!4 &4020741472268991
Transform:
  m_ObjectHideFlags: 0
  m_CorrespondingSourceObject: {fileID: 0}
  m_PrefabInstance: {fileID: 0}
  m_PrefabAsset: {fileID: 0}
  m_GameObject: {fileID: 1570162982898583}
  m_LocalRotation: {x: -0.00000002056167, y: 0.000000007247889, z: 0.009874891, w: 0.9999512}
  m_LocalPosition: {x: -0.4937242, y: 0.000000007450581, z: 0}
  m_LocalScale: {x: 1, y: 1, z: 1}
  m_Children:
  - {fileID: 4873851623754705}
  m_Father: {fileID: 4569986428517756}
  m_RootOrder: 0
  m_LocalEulerAnglesHint: {x: -0.000002347877, y: -0.0000008537735, z: -1.131598}
--- !u!1 &1575961261672908
GameObject:
  m_ObjectHideFlags: 0
  m_CorrespondingSourceObject: {fileID: 0}
  m_PrefabInstance: {fileID: 0}
  m_PrefabAsset: {fileID: 0}
  serializedVersion: 6
  m_Component:
  - component: {fileID: 4462840789923606}
  m_Layer: 10
  m_Name: Bip001 R Thigh
  m_TagString: Untagged
  m_Icon: {fileID: 0}
  m_NavMeshLayer: 0
  m_StaticEditorFlags: 0
  m_IsActive: 1
--- !u!4 &4462840789923606
Transform:
  m_ObjectHideFlags: 0
  m_CorrespondingSourceObject: {fileID: 0}
  m_PrefabInstance: {fileID: 0}
  m_PrefabAsset: {fileID: 0}
  m_GameObject: {fileID: 1575961261672908}
  m_LocalRotation: {x: -0.07514521, y: 0.980287, z: -0.1433897, w: -0.1132693}
  m_LocalPosition: {x: 0.0518961, y: 0.0004508346, z: -0.237824}
  m_LocalScale: {x: 1, y: 1, z: 1}
  m_Children:
  - {fileID: 4790713036903912}
  m_Father: {fileID: 4143019433788873}
  m_RootOrder: 2
  m_LocalEulerAnglesHint: {x: -164.1984, y: 14.10046, z: 173.1995}
--- !u!1 &1580210765986782
GameObject:
  m_ObjectHideFlags: 0
  m_CorrespondingSourceObject: {fileID: 0}
  m_PrefabInstance: {fileID: 0}
  m_PrefabAsset: {fileID: 0}
  serializedVersion: 6
  m_Component:
  - component: {fileID: 4328486248519675}
  m_Layer: 10
  m_Name: Bip001 R Forearm
  m_TagString: Untagged
  m_Icon: {fileID: 0}
  m_NavMeshLayer: 0
  m_StaticEditorFlags: 0
  m_IsActive: 1
--- !u!4 &4328486248519675
Transform:
  m_ObjectHideFlags: 0
  m_CorrespondingSourceObject: {fileID: 0}
  m_PrefabInstance: {fileID: 0}
  m_PrefabAsset: {fileID: 0}
  m_GameObject: {fileID: 1580210765986782}
  m_LocalRotation: {x: 0.000000007981917, y: -0.00000001376803, z: 0.1658508, w: 0.9861509}
  m_LocalPosition: {x: -0.1624126, y: 0, z: 0}
  m_LocalScale: {x: 1, y: 0.9999999, z: 0.9999999}
  m_Children:
  - {fileID: 4960151122213363}
  m_Father: {fileID: 4022222510560510}
  m_RootOrder: 0
  m_LocalEulerAnglesHint: {x: 0.0000006403302, y: 0.000001707547, z: -19.09333}
--- !u!1 &1583856178045698
GameObject:
  m_ObjectHideFlags: 0
  m_CorrespondingSourceObject: {fileID: 0}
  m_PrefabInstance: {fileID: 0}
  m_PrefabAsset: {fileID: 0}
  serializedVersion: 6
  m_Component:
  - component: {fileID: 4069310556993994}
  m_Layer: 10
  m_Name: Bip001 R Finger11
  m_TagString: Untagged
  m_Icon: {fileID: 0}
  m_NavMeshLayer: 0
  m_StaticEditorFlags: 0
  m_IsActive: 1
--- !u!4 &4069310556993994
Transform:
  m_ObjectHideFlags: 0
  m_CorrespondingSourceObject: {fileID: 0}
  m_PrefabInstance: {fileID: 0}
  m_PrefabAsset: {fileID: 0}
  m_GameObject: {fileID: 1583856178045698}
  m_LocalRotation: {x: 0.000000002344839, y: -0.000000002403629, z: -0.2082405, w: 0.9780777}
  m_LocalPosition: {x: -0.2414222, y: 0, z: 0.00000001490116}
  m_LocalScale: {x: 1, y: 1, z: 1}
  m_Children:
  - {fileID: 4352321325668110}
  m_Father: {fileID: 4992108356927087}
  m_RootOrder: 0
  m_LocalEulerAnglesHint: {x: 0.0000003201651, y: 0.0000002134434, z: 24.03853}
--- !u!1 &1590648136287591
GameObject:
  m_ObjectHideFlags: 0
  m_CorrespondingSourceObject: {fileID: 0}
  m_PrefabInstance: {fileID: 0}
  m_PrefabAsset: {fileID: 0}
  serializedVersion: 6
  m_Component:
  - component: {fileID: 4992108356927087}
  m_Layer: 10
  m_Name: Bip001 R Finger1
  m_TagString: Untagged
  m_Icon: {fileID: 0}
  m_NavMeshLayer: 0
  m_StaticEditorFlags: 0
  m_IsActive: 1
--- !u!4 &4992108356927087
Transform:
  m_ObjectHideFlags: 0
  m_CorrespondingSourceObject: {fileID: 0}
  m_PrefabInstance: {fileID: 0}
  m_PrefabAsset: {fileID: 0}
  m_GameObject: {fileID: 1590648136287591}
  m_LocalRotation: {x: 0.0003960338, y: 0.0000410824, z: -0.1031907, w: 0.9946615}
  m_LocalPosition: {x: -0.7074144, y: -0.0718981, z: 0.1701479}
  m_LocalScale: {x: 1, y: 1, z: 1}
  m_Children:
  - {fileID: 4069310556993994}
  m_Father: {fileID: 4960151122213363}
  m_RootOrder: 1
  m_LocalEulerAnglesHint: {x: 0.04465408, y: -0.009365576, z: 11.84586}
--- !u!1 &1602522713413409
GameObject:
  m_ObjectHideFlags: 0
  m_CorrespondingSourceObject: {fileID: 0}
  m_PrefabInstance: {fileID: 0}
  m_PrefabAsset: {fileID: 0}
  serializedVersion: 6
  m_Component:
  - component: {fileID: 4362412840741861}
  m_Layer: 10
  m_Name: RightWeapon
  m_TagString: Untagged
  m_Icon: {fileID: 0}
  m_NavMeshLayer: 0
  m_StaticEditorFlags: 0
  m_IsActive: 1
--- !u!4 &4362412840741861
Transform:
  m_ObjectHideFlags: 0
  m_CorrespondingSourceObject: {fileID: 0}
  m_PrefabInstance: {fileID: 0}
  m_PrefabAsset: {fileID: 0}
  m_GameObject: {fileID: 1602522713413409}
  m_LocalRotation: {x: 0.0000000750741, y: 0.00000006980572, z: 0.7071068, w: 0.7071068}
  m_LocalPosition: {x: -2.017131, y: -0.001035929, z: 0.001700699}
  m_LocalScale: {x: 0.9999999, y: 0.9999998, z: 1}
  m_Children: []
  m_Father: {fileID: 4891865545944236}
  m_RootOrder: 0
  m_LocalEulerAnglesHint: {x: 0.00001173939, y: 0.0000004268889, z: -90.00001}
--- !u!1 &1621002000456509
GameObject:
  m_ObjectHideFlags: 0
  m_CorrespondingSourceObject: {fileID: 0}
  m_PrefabInstance: {fileID: 0}
  m_PrefabAsset: {fileID: 0}
  serializedVersion: 6
  m_Component:
  - component: {fileID: 4765469090166376}
  m_Layer: 10
  m_Name: Head
  m_TagString: Untagged
  m_Icon: {fileID: 0}
  m_NavMeshLayer: 0
  m_StaticEditorFlags: 0
  m_IsActive: 1
--- !u!4 &4765469090166376
Transform:
  m_ObjectHideFlags: 0
  m_CorrespondingSourceObject: {fileID: 0}
  m_PrefabInstance: {fileID: 0}
  m_PrefabAsset: {fileID: 0}
  m_GameObject: {fileID: 1621002000456509}
  m_LocalRotation: {x: 0.5258141, y: -0.4727786, z: -0.5258132, w: -0.4727795}
  m_LocalPosition: {x: -1.776989, y: -0.03828526, z: 0.000003814698}
  m_LocalScale: {x: 1, y: 0.9999999, z: 0.9999999}
  m_Children: []
  m_Father: {fileID: 4542297729380657}
  m_RootOrder: 1
  m_LocalEulerAnglesHint: {x: -96.08016, y: -89.9999, z: 0}
--- !u!1 &1640790256646498
GameObject:
  m_ObjectHideFlags: 0
  m_CorrespondingSourceObject: {fileID: 0}
  m_PrefabInstance: {fileID: 0}
  m_PrefabAsset: {fileID: 0}
  serializedVersion: 6
  m_Component:
  - component: {fileID: 4689215071722282}
  m_Layer: 10
  m_Name: Bone002(mirrored)
  m_TagString: Untagged
  m_Icon: {fileID: 0}
  m_NavMeshLayer: 0
  m_StaticEditorFlags: 0
  m_IsActive: 1
--- !u!4 &4689215071722282
Transform:
  m_ObjectHideFlags: 0
  m_CorrespondingSourceObject: {fileID: 0}
  m_PrefabInstance: {fileID: 0}
  m_PrefabAsset: {fileID: 0}
  m_GameObject: {fileID: 1640790256646498}
  m_LocalRotation: {x: -1.073412e-25, y: -6.088437e-17, z: 0.9943172, w: 0.1064586}
  m_LocalPosition: {x: 0.2970001, y: 1.653749, z: -0.1428222}
  m_LocalScale: {x: 0.9999999, y: 0.9999999, z: 1}
  m_Children: []
  m_Father: {fileID: 4697913768635613}
  m_RootOrder: 3
  m_LocalEulerAnglesHint: {x: -6.937186e-15, y: 7.427437e-16, z: -167.7776}
--- !u!1 &1681244180829587
GameObject:
  m_ObjectHideFlags: 0
  m_CorrespondingSourceObject: {fileID: 0}
  m_PrefabInstance: {fileID: 0}
  m_PrefabAsset: {fileID: 0}
  serializedVersion: 6
  m_Component:
  - component: {fileID: 4143019433788873}
  m_Layer: 10
  m_Name: Bip001 Spine
  m_TagString: Untagged
  m_Icon: {fileID: 0}
  m_NavMeshLayer: 0
  m_StaticEditorFlags: 0
  m_IsActive: 1
--- !u!4 &4143019433788873
Transform:
  m_ObjectHideFlags: 0
  m_CorrespondingSourceObject: {fileID: 0}
  m_PrefabInstance: {fileID: 0}
  m_PrefabAsset: {fileID: 0}
  m_GameObject: {fileID: 1681244180829587}
  m_LocalRotation: {x: -0.000002080476, y: 0.000000693676, z: -0.000398159, w: 0.9999999}
  m_LocalPosition: {x: -0.05189645, y: -0.0004088134, z: 0.00000007253675}
  m_LocalScale: {x: 1, y: 1, z: 1}
  m_Children:
  - {fileID: 4569986428517756}
  - {fileID: 4496579203649670}
  - {fileID: 4462840789923606}
  m_Father: {fileID: 4722860947172118}
  m_RootOrder: 0
  m_LocalEulerAnglesHint: {x: -0.0002384366, y: -0.00007939449, z: 0.04562566}
--- !u!1 &1691563062807213
GameObject:
  m_ObjectHideFlags: 0
  m_CorrespondingSourceObject: {fileID: 0}
  m_PrefabInstance: {fileID: 0}
  m_PrefabAsset: {fileID: 0}
  serializedVersion: 6
  m_Component:
  - component: {fileID: 4873851623754705}
  m_Layer: 10
  m_Name: Bip001 L Foot
  m_TagString: Untagged
  m_Icon: {fileID: 0}
  m_NavMeshLayer: 0
  m_StaticEditorFlags: 0
  m_IsActive: 1
--- !u!4 &4873851623754705
Transform:
  m_ObjectHideFlags: 0
  m_CorrespondingSourceObject: {fileID: 0}
  m_PrefabInstance: {fileID: 0}
  m_PrefabAsset: {fileID: 0}
  m_GameObject: {fileID: 1691563062807213}
  m_LocalRotation: {x: 0.05889257, y: 0.1058443, z: 0.0745187, w: 0.9898362}
  m_LocalPosition: {x: -0.3654073, y: 0, z: 0.00000002980232}
  m_LocalScale: {x: 1, y: 1, z: 1}
  m_Children:
  - {fileID: 4486810309347269}
  - {fileID: 4086003872758246}
  m_Father: {fileID: 4020741472268991}
  m_RootOrder: 0
  m_LocalEulerAnglesHint: {x: 7.765189, y: -11.5814, z: -9.399335}
--- !u!1 &1691772766456703
GameObject:
  m_ObjectHideFlags: 0
  m_CorrespondingSourceObject: {fileID: 0}
  m_PrefabInstance: {fileID: 0}
  m_PrefabAsset: {fileID: 0}
  serializedVersion: 6
  m_Component:
  - component: {fileID: 4006149144337419}
  m_Layer: 10
  m_Name: Bip001 L Finger1Nub
  m_TagString: Untagged
  m_Icon: {fileID: 0}
  m_NavMeshLayer: 0
  m_StaticEditorFlags: 0
  m_IsActive: 1
--- !u!4 &4006149144337419
Transform:
  m_ObjectHideFlags: 0
  m_CorrespondingSourceObject: {fileID: 0}
  m_PrefabInstance: {fileID: 0}
  m_PrefabAsset: {fileID: 0}
  m_GameObject: {fileID: 1691772766456703}
  m_LocalRotation: {x: -9.313227e-10, y: -0.000000001862645, z: -1.734724e-18, w: 1}
  m_LocalPosition: {x: -0.2904844, y: 0, z: -0.00000002980232}
  m_LocalScale: {x: 1, y: 0.9999999, z: 0.9999999}
  m_Children: []
  m_Father: {fileID: 4219962820013476}
  m_RootOrder: 0
  m_LocalEulerAnglesHint: {x: -0.0000001067217, y: 0.0000002134434, z: 0}
--- !u!1 &1707406318153322
GameObject:
  m_ObjectHideFlags: 0
  m_CorrespondingSourceObject: {fileID: 0}
  m_PrefabInstance: {fileID: 0}
  m_PrefabAsset: {fileID: 0}
  serializedVersion: 6
  m_Component:
  - component: {fileID: 4474940939302596}
  m_Layer: 10
  m_Name: Face
  m_TagString: Untagged
  m_Icon: {fileID: 0}
  m_NavMeshLayer: 0
  m_StaticEditorFlags: 0
  m_IsActive: 1
--- !u!4 &4474940939302596
Transform:
  m_ObjectHideFlags: 0
  m_CorrespondingSourceObject: {fileID: 0}
  m_PrefabInstance: {fileID: 0}
  m_PrefabAsset: {fileID: 0}
  m_GameObject: {fileID: 1707406318153322}
  m_LocalRotation: {x: 0, y: 0, z: 0, w: 1}
  m_LocalPosition: {x: 0, y: 0, z: 2}
  m_LocalScale: {x: 1, y: 1, z: 1}
  m_Children: []
  m_Father: {fileID: 4697913768635613}
  m_RootOrder: 9
  m_LocalEulerAnglesHint: {x: 0, y: 0, z: 0}
--- !u!1 &1707749584533823
GameObject:
  m_ObjectHideFlags: 0
  m_CorrespondingSourceObject: {fileID: 0}
  m_PrefabInstance: {fileID: 0}
  m_PrefabAsset: {fileID: 0}
  serializedVersion: 6
  m_Component:
  - component: {fileID: 4284831726656472}
  m_Layer: 10
  m_Name: Bip001 R Finger41
  m_TagString: Untagged
  m_Icon: {fileID: 0}
  m_NavMeshLayer: 0
  m_StaticEditorFlags: 0
  m_IsActive: 1
--- !u!4 &4284831726656472
Transform:
  m_ObjectHideFlags: 0
  m_CorrespondingSourceObject: {fileID: 0}
  m_PrefabInstance: {fileID: 0}
  m_PrefabAsset: {fileID: 0}
  m_GameObject: {fileID: 1707749584533823}
  m_LocalRotation: {x: -0.00000002308433, y: 0.00000001921379, z: -0.1741081, w: 0.9847265}
  m_LocalPosition: {x: -0.2334275, y: 0, z: 0}
  m_LocalScale: {x: 0.9999999, y: 1, z: 0.9999999}
  m_Children:
  - {fileID: 4324956517691152}
  m_Father: {fileID: 4122706585950677}
  m_RootOrder: 0
  m_LocalEulerAnglesHint: {x: -0.000002988208, y: -0.000001707548, z: 20.05352}
--- !u!1 &1752701524984990
GameObject:
  m_ObjectHideFlags: 0
  m_CorrespondingSourceObject: {fileID: 0}
  m_PrefabInstance: {fileID: 0}
  m_PrefabAsset: {fileID: 0}
  serializedVersion: 6
  m_Component:
  - component: {fileID: 4086003872758246}
  m_Layer: 10
  m_Name: LeftFoot
  m_TagString: Untagged
  m_Icon: {fileID: 0}
  m_NavMeshLayer: 0
  m_StaticEditorFlags: 0
  m_IsActive: 1
--- !u!4 &4086003872758246
Transform:
  m_ObjectHideFlags: 0
  m_CorrespondingSourceObject: {fileID: 0}
  m_PrefabInstance: {fileID: 0}
  m_PrefabAsset: {fileID: 0}
  m_GameObject: {fileID: 1752701524984990}
  m_LocalRotation: {x: -0.4547839, y: -0.4547841, z: -0.5414531, w: 0.5414533}
  m_LocalPosition: {x: -0.2470387, y: 0.222683, z: 0.06250381}
  m_LocalScale: {x: 1, y: 1, z: 0.9999998}
  m_Children: []
  m_Father: {fileID: 4873851623754705}
  m_RootOrder: 1
  m_LocalEulerAnglesHint: {x: 0.00003169986, y: 80.05596, z: 90}
--- !u!1 &1755926514839997
GameObject:
  m_ObjectHideFlags: 0
  m_CorrespondingSourceObject: {fileID: 0}
  m_PrefabInstance: {fileID: 0}
  m_PrefabAsset: {fileID: 0}
  serializedVersion: 6
  m_Component:
  - component: {fileID: 4801474701198880}
  m_Layer: 10
  m_Name: Hp_show
  m_TagString: Untagged
  m_Icon: {fileID: 0}
  m_NavMeshLayer: 0
  m_StaticEditorFlags: 0
  m_IsActive: 1
--- !u!4 &4801474701198880
Transform:
  m_ObjectHideFlags: 0
  m_CorrespondingSourceObject: {fileID: 0}
  m_PrefabInstance: {fileID: 0}
  m_PrefabAsset: {fileID: 0}
  m_GameObject: {fileID: 1755926514839997}
  m_LocalRotation: {x: 0.006088814, y: 0.000001670351, z: 0.0000002282524, w: 0.9999815}
  m_LocalPosition: {x: 0.1, y: 3, z: 0.34}
  m_LocalScale: {x: 1, y: 1, z: 1}
  m_Children: []
  m_Father: {fileID: 4697913768635613}
  m_RootOrder: 10
  m_LocalEulerAnglesHint: {x: 0.697731, y: -0.0001912453, z: -0.00002732076}
--- !u!1 &1809987308236255
GameObject:
  m_ObjectHideFlags: 0
  m_CorrespondingSourceObject: {fileID: 0}
  m_PrefabInstance: {fileID: 0}
  m_PrefabAsset: {fileID: 0}
  serializedVersion: 6
  m_Component:
  - component: {fileID: 4790713036903912}
  m_Layer: 10
  m_Name: Bip001 R Calf
  m_TagString: Untagged
  m_Icon: {fileID: 0}
  m_NavMeshLayer: 0
  m_StaticEditorFlags: 0
  m_IsActive: 1
--- !u!4 &4790713036903912
Transform:
  m_ObjectHideFlags: 0
  m_CorrespondingSourceObject: {fileID: 0}
  m_PrefabInstance: {fileID: 0}
  m_PrefabAsset: {fileID: 0}
  m_GameObject: {fileID: 1809987308236255}
  m_LocalRotation: {x: -0.000000005661169, y: 0.000000007395089, z: 0.009865846, w: 0.9999514}
  m_LocalPosition: {x: -0.4937242, y: 0.00000002235174, z: 0}
  m_LocalScale: {x: 1, y: 1, z: 1}
  m_Children:
  - {fileID: 4417295099186079}
  m_Father: {fileID: 4462840789923606}
  m_RootOrder: 0
  m_LocalEulerAnglesHint: {x: -0.0000006403301, y: -0.0000008537737, z: -1.130561}
--- !u!1 &1819015295636582
GameObject:
  m_ObjectHideFlags: 0
  m_CorrespondingSourceObject: {fileID: 0}
  m_PrefabInstance: {fileID: 0}
  m_PrefabAsset: {fileID: 0}
  serializedVersion: 6
  m_Component:
  - component: {fileID: 4277979772659106}
  m_Layer: 10
  m_Name: RightFoot
  m_TagString: Untagged
  m_Icon: {fileID: 0}
  m_NavMeshLayer: 0
  m_StaticEditorFlags: 0
  m_IsActive: 1
--- !u!4 &4277979772659106
Transform:
  m_ObjectHideFlags: 0
  m_CorrespondingSourceObject: {fileID: 0}
  m_PrefabInstance: {fileID: 0}
  m_PrefabAsset: {fileID: 0}
  m_GameObject: {fileID: 1819015295636582}
  m_LocalRotation: {x: 0.5414526, y: 0.5414525, z: 0.4547848, w: -0.4547846}
  m_LocalPosition: {x: -0.2470422, y: 0.2245998, z: -0.05151749}
  m_LocalScale: {x: 1, y: 1, z: 1}
  m_Children: []
  m_Father: {fileID: 4417295099186079}
  m_RootOrder: 1
  m_LocalEulerAnglesHint: {x: 180, y: 80.05611, z: -90.00001}
--- !u!1 &1825118259580583
GameObject:
  m_ObjectHideFlags: 0
  m_CorrespondingSourceObject: {fileID: 0}
  m_PrefabInstance: {fileID: 0}
  m_PrefabAsset: {fileID: 0}
  serializedVersion: 6
  m_Component:
  - component: {fileID: 4324956517691152}
  m_Layer: 10
  m_Name: Bip001 R Finger4Nub
  m_TagString: Untagged
  m_Icon: {fileID: 0}
  m_NavMeshLayer: 0
  m_StaticEditorFlags: 0
  m_IsActive: 1
--- !u!4 &4324956517691152
Transform:
  m_ObjectHideFlags: 0
  m_CorrespondingSourceObject: {fileID: 0}
  m_PrefabInstance: {fileID: 0}
  m_PrefabAsset: {fileID: 0}
  m_GameObject: {fileID: 1825118259580583}
  m_LocalRotation: {x: -1.140541e-24, y: -0.00000001862646, z: 1, w: 6.123234e-17}
  m_LocalPosition: {x: -0.2334278, y: 0, z: 0}
  m_LocalScale: {x: -1, y: -0.9999999, z: -1}
  m_Children: []
  m_Father: {fileID: 4284831726656472}
  m_RootOrder: 0
  m_LocalEulerAnglesHint: {x: -0.000002134434, y: 7.97896e-30, z: -180}
--- !u!1 &1837186716926122
GameObject:
  m_ObjectHideFlags: 0
  m_CorrespondingSourceObject: {fileID: 0}
  m_PrefabInstance: {fileID: 0}
  m_PrefabAsset: {fileID: 0}
  serializedVersion: 6
  m_Component:
  - component: {fileID: 4243251532381338}
  m_Layer: 10
  m_Name: Bip001 L Toe0Nub
  m_TagString: Untagged
  m_Icon: {fileID: 0}
  m_NavMeshLayer: 0
  m_StaticEditorFlags: 0
  m_IsActive: 1
--- !u!4 &4243251532381338
Transform:
  m_ObjectHideFlags: 0
  m_CorrespondingSourceObject: {fileID: 0}
  m_PrefabInstance: {fileID: 0}
  m_PrefabAsset: {fileID: 0}
  m_GameObject: {fileID: 1837186716926122}
  m_LocalRotation: {x: -7.784943e-16, y: 4.766903e-32, z: 1, w: 6.123234e-17}
  m_LocalPosition: {x: -0.4291751, y: 0, z: 0.00000002980232}
  m_LocalScale: {x: -1, y: -1, z: -1}
  m_Children: []
  m_Father: {fileID: 4486810309347269}
  m_RootOrder: 0
  m_LocalEulerAnglesHint: {x: -2.516522e-37, y: -8.920888e-14, z: -180}
--- !u!1 &1847533265784965
GameObject:
  m_ObjectHideFlags: 0
  m_CorrespondingSourceObject: {fileID: 0}
  m_PrefabInstance: {fileID: 0}
  m_PrefabAsset: {fileID: 0}
  serializedVersion: 6
  m_Component:
  - component: {fileID: 4569986428517756}
  m_Layer: 10
  m_Name: Bip001 L Thigh
  m_TagString: Untagged
  m_Icon: {fileID: 0}
  m_NavMeshLayer: 0
  m_StaticEditorFlags: 0
  m_IsActive: 1
--- !u!4 &4569986428517756
Transform:
  m_ObjectHideFlags: 0
  m_CorrespondingSourceObject: {fileID: 0}
  m_PrefabInstance: {fileID: 0}
  m_PrefabAsset: {fileID: 0}
  m_GameObject: {fileID: 1847533265784965}
  m_LocalRotation: {x: -0.07513925, y: 0.9802871, z: 0.1433931, w: 0.1132685}
  m_LocalPosition: {x: 0.0518961, y: 0.0004495233, z: 0.237824}
  m_LocalScale: {x: 0.9999999, y: 1, z: 1}
  m_Children:
  - {fileID: 4020741472268991}
  m_Father: {fileID: 4143019433788873}
  m_RootOrder: 0
  m_LocalEulerAnglesHint: {x: 164.1979, y: -14.10031, z: 173.2003}
--- !u!1 &1858500588954448
GameObject:
  m_ObjectHideFlags: 0
  m_CorrespondingSourceObject: {fileID: 0}
  m_PrefabInstance: {fileID: 0}
  m_PrefabAsset: {fileID: 0}
  serializedVersion: 6
  m_Component:
  - component: {fileID: 4542297729380657}
  m_Layer: 10
  m_Name: Bip001 Head
  m_TagString: Untagged
  m_Icon: {fileID: 0}
  m_NavMeshLayer: 0
  m_StaticEditorFlags: 0
  m_IsActive: 1
--- !u!4 &4542297729380657
Transform:
  m_ObjectHideFlags: 0
  m_CorrespondingSourceObject: {fileID: 0}
  m_PrefabInstance: {fileID: 0}
  m_PrefabAsset: {fileID: 0}
  m_GameObject: {fileID: 1858500588954448}
  m_LocalRotation: {x: 1.252619e-13, y: 0.0000002103623, z: -0.07584378, w: 0.9971197}
  m_LocalPosition: {x: -0.07405865, y: -0.00000000372529, z: -7.105427e-15}
  m_LocalScale: {x: 1, y: 1, z: 1}
  m_Children:
  - {fileID: 4680512134991520}
  - {fileID: 4765469090166376}
  m_Father: {fileID: 4496579203649670}
  m_RootOrder: 0
  m_LocalEulerAnglesHint: {x: -0.000001828256, y: -0.00002403631, z: 8.699411}
--- !u!1 &1859484779400804
GameObject:
  m_ObjectHideFlags: 0
  m_CorrespondingSourceObject: {fileID: 0}
  m_PrefabInstance: {fileID: 0}
  m_PrefabAsset: {fileID: 0}
  serializedVersion: 6
  m_Component:
  - component: {fileID: 4672222206725699}
  m_Layer: 10
  m_Name: Bip001 L Finger1
  m_TagString: Untagged
  m_Icon: {fileID: 0}
  m_NavMeshLayer: 0
  m_StaticEditorFlags: 0
  m_IsActive: 1
--- !u!4 &4672222206725699
Transform:
  m_ObjectHideFlags: 0
  m_CorrespondingSourceObject: {fileID: 0}
  m_PrefabInstance: {fileID: 0}
  m_PrefabAsset: {fileID: 0}
  m_GameObject: {fileID: 1859484779400804}
  m_LocalRotation: {x: -0.0003960339, y: -0.00004108332, z: -0.1031907, w: 0.9946615}
  m_LocalPosition: {x: -0.7074146, y: -0.07189798, z: -0.1701479}
  m_LocalScale: {x: 1, y: 0.9999999, z: 1}
  m_Children:
  - {fileID: 4219962820013476}
  m_Father: {fileID: 4983085437634307}
  m_RootOrder: 1
  m_LocalEulerAnglesHint: {x: -0.04465408, y: 0.009365682, z: 11.84586}
--- !u!1 &1868559021822049
GameObject:
  m_ObjectHideFlags: 0
  m_CorrespondingSourceObject: {fileID: 0}
  m_PrefabInstance: {fileID: 0}
  m_PrefabAsset: {fileID: 0}
  serializedVersion: 6
  m_Component:
  - component: {fileID: 4230782789239991}
  m_Layer: 10
  m_Name: Chest
  m_TagString: Untagged
  m_Icon: {fileID: 0}
  m_NavMeshLayer: 0
  m_StaticEditorFlags: 0
  m_IsActive: 1
--- !u!4 &4230782789239991
Transform:
  m_ObjectHideFlags: 0
  m_CorrespondingSourceObject: {fileID: 0}
  m_PrefabInstance: {fileID: 0}
  m_PrefabAsset: {fileID: 0}
  m_GameObject: {fileID: 1868559021822049}
  m_LocalRotation: {x: 0, y: 0, z: 0, w: 1}
  m_LocalPosition: {x: 0, y: 1.217787, z: 0.3305093}
  m_LocalScale: {x: 1, y: 1, z: 1}
  m_Children: []
  m_Father: {fileID: 4697913768635613}
  m_RootOrder: 6
  m_LocalEulerAnglesHint: {x: 0, y: 0, z: 0}
--- !u!1 &1888276940177623
GameObject:
  m_ObjectHideFlags: 0
  m_CorrespondingSourceObject: {fileID: 0}
  m_PrefabInstance: {fileID: 0}
  m_PrefabAsset: {fileID: 0}
  serializedVersion: 6
  m_Component:
  - component: {fileID: 4283805811164644}
  m_Layer: 10
  m_Name: Bip001 R Finger3
  m_TagString: Untagged
  m_Icon: {fileID: 0}
  m_NavMeshLayer: 0
  m_StaticEditorFlags: 0
  m_IsActive: 1
--- !u!4 &4283805811164644
Transform:
  m_ObjectHideFlags: 0
  m_CorrespondingSourceObject: {fileID: 0}
  m_PrefabInstance: {fileID: 0}
  m_PrefabAsset: {fileID: 0}
  m_GameObject: {fileID: 1888276940177623}
  m_LocalRotation: {x: 0.256676, y: -0.0884444, z: -0.1330991, w: 0.9531944}
  m_LocalPosition: {x: -0.6927527, y: 0.002880812, z: -0.2292323}
  m_LocalScale: {x: 1, y: 1, z: 0.9999999}
  m_Children:
  - {fileID: 4085469255039824}
  m_Father: {fileID: 4960151122213363}
  m_RootOrder: 3
  m_LocalEulerAnglesHint: {x: 31.02864, y: 5.755451, z: 17.4971}
--- !u!1 &1897872933532380
GameObject:
  m_ObjectHideFlags: 0
  m_CorrespondingSourceObject: {fileID: 0}
  m_PrefabInstance: {fileID: 0}
  m_PrefabAsset: {fileID: 0}
  serializedVersion: 6
  m_Component:
  - component: {fileID: 4154520909469088}
  m_Layer: 10
  m_Name: Bip001 L UpperArm
  m_TagString: Untagged
  m_Icon: {fileID: 0}
  m_NavMeshLayer: 0
  m_StaticEditorFlags: 0
  m_IsActive: 1
--- !u!4 &4154520909469088
Transform:
  m_ObjectHideFlags: 0
  m_CorrespondingSourceObject: {fileID: 0}
  m_PrefabInstance: {fileID: 0}
  m_PrefabAsset: {fileID: 0}
  m_GameObject: {fileID: 1897872933532380}
  m_LocalRotation: {x: 0.04696719, y: -0.0470232, z: -0.1342503, w: 0.9887162}
  m_LocalPosition: {x: -0.417457, y: 0, z: 0}
  m_LocalScale: {x: 0.9999999, y: 1, z: 1}
  m_Children:
  - {fileID: 4605181583090328}
  m_Father: {fileID: 4187488710767851}
  m_RootOrder: 0
  m_LocalEulerAnglesHint: {x: 6.075716, y: 4.610092, z: 15.70973}
--- !u!1 &1939812770008327
GameObject:
  m_ObjectHideFlags: 0
  m_CorrespondingSourceObject: {fileID: 0}
  m_PrefabInstance: {fileID: 0}
  m_PrefabAsset: {fileID: 0}
  serializedVersion: 6
  m_Component:
  - component: {fileID: 4891865545944236}
  m_Layer: 10
  m_Name: Bone001
  m_TagString: Untagged
  m_Icon: {fileID: 0}
  m_NavMeshLayer: 0
  m_StaticEditorFlags: 0
  m_IsActive: 1
--- !u!4 &4891865545944236
Transform:
  m_ObjectHideFlags: 0
  m_CorrespondingSourceObject: {fileID: 0}
  m_PrefabInstance: {fileID: 0}
  m_PrefabAsset: {fileID: 0}
  m_GameObject: {fileID: 1939812770008327}
  m_LocalRotation: {x: 0.00000004707849, y: -0.00000004707847, z: -0.7071066, w: 0.7071069}
  m_LocalPosition: {x: -3.362631, y: 2.067868, z: 0.449962}
  m_LocalScale: {x: 1, y: 1, z: 1}
  m_Children:
  - {fileID: 4362412840741861}
  m_Father: {fileID: 4697913768635613}
  m_RootOrder: 1
  m_LocalEulerAnglesHint: {x: 0.000007629395, y: 1.684199e-13, z: 89.99998}
--- !u!1 &1959771245705301
GameObject:
  m_ObjectHideFlags: 0
  m_CorrespondingSourceObject: {fileID: 0}
  m_PrefabInstance: {fileID: 0}
  m_PrefabAsset: {fileID: 0}
  serializedVersion: 6
  m_Component:
  - component: {fileID: 4597760797769206}
  m_Layer: 10
  m_Name: Ground
  m_TagString: Untagged
  m_Icon: {fileID: 0}
  m_NavMeshLayer: 0
  m_StaticEditorFlags: 0
  m_IsActive: 1
--- !u!4 &4597760797769206
Transform:
  m_ObjectHideFlags: 0
  m_CorrespondingSourceObject: {fileID: 0}
  m_PrefabInstance: {fileID: 0}
  m_PrefabAsset: {fileID: 0}
  m_GameObject: {fileID: 1959771245705301}
  m_LocalRotation: {x: 0, y: 0, z: 0, w: 1}
  m_LocalPosition: {x: 0, y: 0, z: 0}
  m_LocalScale: {x: 1, y: 1, z: 1}
  m_Children: []
  m_Father: {fileID: 4697913768635613}
  m_RootOrder: 4
  m_LocalEulerAnglesHint: {x: 0, y: 0, z: 0}
--- !u!1 &1965281732599188
GameObject:
  m_ObjectHideFlags: 0
  m_CorrespondingSourceObject: {fileID: 0}
  m_PrefabInstance: {fileID: 0}
  m_PrefabAsset: {fileID: 0}
  serializedVersion: 6
  m_Component:
  - component: {fileID: 4572162745780047}
  m_Layer: 10
  m_Name: Fly_Head
  m_TagString: Untagged
  m_Icon: {fileID: 0}
  m_NavMeshLayer: 0
  m_StaticEditorFlags: 0
  m_IsActive: 1
--- !u!4 &4572162745780047
Transform:
  m_ObjectHideFlags: 0
  m_CorrespondingSourceObject: {fileID: 0}
  m_PrefabInstance: {fileID: 0}
  m_PrefabAsset: {fileID: 0}
  m_GameObject: {fileID: 1965281732599188}
  m_LocalRotation: {x: 0.006088814, y: 0.000001670351, z: 0.0000002282524, w: 0.9999815}
  m_LocalPosition: {x: 0.1, y: 2.87, z: 0.34}
  m_LocalScale: {x: 1, y: 1, z: 1}
  m_Children: []
  m_Father: {fileID: 4697913768635613}
  m_RootOrder: 7
  m_LocalEulerAnglesHint: {x: 0.697731, y: -0.0001912453, z: -0.00002732076}
--- !u!1 &1982151541519876
GameObject:
  m_ObjectHideFlags: 0
  m_CorrespondingSourceObject: {fileID: 0}
  m_PrefabInstance: {fileID: 0}
  m_PrefabAsset: {fileID: 0}
  serializedVersion: 6
  m_Component:
  - component: {fileID: 4014210517966508}
  m_Layer: 10
  m_Name: Bip001 L Finger31
  m_TagString: Untagged
  m_Icon: {fileID: 0}
  m_NavMeshLayer: 0
  m_StaticEditorFlags: 0
  m_IsActive: 1
--- !u!4 &4014210517966508
Transform:
  m_ObjectHideFlags: 0
  m_CorrespondingSourceObject: {fileID: 0}
  m_PrefabInstance: {fileID: 0}
  m_PrefabAsset: {fileID: 0}
  m_GameObject: {fileID: 1982151541519876}
  m_LocalRotation: {x: 0.00000001467632, y: -0.000000002578819, z: -0.1730616, w: 0.984911}
  m_LocalPosition: {x: -0.2324435, y: 0.0000002384186, z: 0}
  m_LocalScale: {x: 1, y: 1, z: 1}
  m_Children:
  - {fileID: 4583746700754456}
  m_Father: {fileID: 4743347396161956}
  m_RootOrder: 0
  m_LocalEulerAnglesHint: {x: 0.000001707547, y: 1.761382e-14, z: 19.93175}
--- !u!1 &1984210636249480
GameObject:
  m_ObjectHideFlags: 0
  m_CorrespondingSourceObject: {fileID: 0}
  m_PrefabInstance: {fileID: 0}
  m_PrefabAsset: {fileID: 0}
  serializedVersion: 6
  m_Component:
  - component: {fileID: 4605181583090328}
  m_Layer: 10
  m_Name: Bip001 L Forearm
  m_TagString: Untagged
  m_Icon: {fileID: 0}
  m_NavMeshLayer: 0
  m_StaticEditorFlags: 0
  m_IsActive: 1
--- !u!4 &4605181583090328
Transform:
  m_ObjectHideFlags: 0
  m_CorrespondingSourceObject: {fileID: 0}
  m_PrefabInstance: {fileID: 0}
  m_PrefabAsset: {fileID: 0}
  m_GameObject: {fileID: 1984210636249480}
  m_LocalRotation: {x: -0.000000009818766, y: 0.00000001345911, z: 0.1658508, w: 0.9861509}
  m_LocalPosition: {x: -0.1624127, y: 0, z: 0}
  m_LocalScale: {x: 1, y: 1, z: 1}
  m_Children:
  - {fileID: 4983085437634307}
  m_Father: {fileID: 4154520909469088}
  m_RootOrder: 0
  m_LocalEulerAnglesHint: {x: -0.0000008537737, y: -0.000001707547, z: -19.09333}
--- !u!1 &8611849902503307982
GameObject:
  m_ObjectHideFlags: 0
  m_CorrespondingSourceObject: {fileID: 0}
  m_PrefabInstance: {fileID: 0}
  m_PrefabAsset: {fileID: 0}
  serializedVersion: 6
  m_Component:
  - component: {fileID: 7884774093860072946}
  - component: {fileID: 4191212196566243224}
  m_Layer: 10
  m_Name: shadow
  m_TagString: Untagged
  m_Icon: {fileID: 0}
  m_NavMeshLayer: 0
  m_StaticEditorFlags: 0
  m_IsActive: 1
--- !u!4 &7884774093860072946
Transform:
  m_ObjectHideFlags: 0
  m_CorrespondingSourceObject: {fileID: 0}
  m_PrefabInstance: {fileID: 0}
  m_PrefabAsset: {fileID: 0}
  m_GameObject: {fileID: 8611849902503307982}
  m_LocalRotation: {x: -0.7071068, y: 0, z: 0, w: 0.7071068}
  m_LocalPosition: {x: 0, y: 0, z: 0}
  m_LocalScale: {x: 1, y: 1, z: 1}
  m_Children: []
  m_Father: {fileID: 4697913768635613}
  m_RootOrder: 12
  m_LocalEulerAnglesHint: {x: -90, y: 0, z: 0}
--- !u!137 &4191212196566243224
SkinnedMeshRenderer:
  m_ObjectHideFlags: 0
  m_CorrespondingSourceObject: {fileID: 0}
  m_PrefabInstance: {fileID: 0}
  m_PrefabAsset: {fileID: 0}
  m_GameObject: {fileID: 8611849902503307982}
  m_Enabled: 1
  m_CastShadows: 1
  m_ReceiveShadows: 0
  m_DynamicOccludee: 1
  m_MotionVectors: 1
  m_LightProbeUsage: 1
  m_ReflectionProbeUsage: 1
  m_RayTracingMode: 3
  m_RayTraceProcedural: 0
  m_RenderingLayerMask: 4294967295
  m_RendererPriority: 0
  m_Materials:
  - {fileID: 2100000, guid: 5f2e586f9fbdd8e42b66f22851a083d0, type: 2}
  m_StaticBatchInfo:
    firstSubMesh: 0
    subMeshCount: 0
  m_StaticBatchRoot: {fileID: 0}
  m_ProbeAnchor: {fileID: 0}
  m_LightProbeVolumeOverride: {fileID: 0}
  m_ScaleInLightmap: 1
  m_ReceiveGI: 1
  m_PreserveUVs: 0
  m_IgnoreNormalsForChartDetection: 0
  m_ImportantGI: 0
  m_StitchLightmapSeams: 0
  m_SelectedEditorRenderState: 3
  m_MinimumChartSize: 4
  m_AutoUVMaxDistance: 0.5
  m_AutoUVMaxAngle: 89
  m_LightmapParameters: {fileID: 0}
  m_SortingLayerID: 0
  m_SortingLayer: 0
  m_SortingOrder: 0
  serializedVersion: 2
  m_Quality: 4
  m_UpdateWhenOffscreen: 0
  m_SkinnedMotionVectors: 1
  m_Mesh: {fileID: 4300000, guid: f41f4b3befbd3cf4eb35aa4be6b4c277, type: 2}
  m_Bones:
  - {fileID: 4143019433788873}
  - {fileID: 4542297729380657}
  - {fileID: 4605181583090328}
  - {fileID: 4328486248519675}
  - {fileID: 4417295099186079}
  - {fileID: 4873851623754705}
  - {fileID: 4462840789923606}
  - {fileID: 4722860947172118}
  - {fileID: 4569986428517756}
  - {fileID: 4790713036903912}
  - {fileID: 4507704152866325}
  - {fileID: 4960151122213363}
  - {fileID: 4689215071722282}
  - {fileID: 4122706585950677}
  - {fileID: 4283805811164644}
  - {fileID: 4012265990160695}
  - {fileID: 4992108356927087}
  - {fileID: 4092065352582587}
  - {fileID: 4261168654708515}
  - {fileID: 4284831726656472}
  - {fileID: 4069310556993994}
  - {fileID: 4637826749991358}
  - {fileID: 4085469255039824}
  - {fileID: 4022222510560510}
  - {fileID: 4020741472268991}
  - {fileID: 4486810309347269}
  - {fileID: 4983085437634307}
  - {fileID: 4154520909469088}
  - {fileID: 4639686006739213}
  - {fileID: 4743347396161956}
  - {fileID: 4270430045136982}
  - {fileID: 4623359868353197}
  - {fileID: 4532747933814831}
  - {fileID: 4672222206725699}
  - {fileID: 4757019739768795}
  - {fileID: 4403682098586788}
  - {fileID: 4219962820013476}
  - {fileID: 4014210517966508}
  - {fileID: 4538773773913338}
  - {fileID: 4891865545944236}
  m_BlendShapeWeights: []
  m_RootBone: {fileID: 4722860947172118}
  m_AABB:
    m_Center: {x: -0.9409381, y: 0.3239208, z: 0.7374403}
    m_Extent: {x: 2.049358, y: 1.249779, z: 3.599457}
  m_DirtyAABB: 0
